Workbook

Sheet Cover Page
A1: Revised 07.31.2025
D2: CUTR2023
A5: Florida Transportation Systems, Inc.
A7: REPRESENTING
A9: Endera, Fenton-Abilitrax & Primetime
A29: ORDER PACKET
A31: Contract #TRIPS-22-CA-MB-LF-FTS
A32: Standard Cutaway and Minibus Chassis Type Transit Vehicles
A36: Effective: Date of Amendment Execution

Sheet General Information
A1: Revised 07.31.2025
A3: CONTRACT #TRIPS-22-CA-MB-LF-FTS
A5: ORDER PACKET FOR
A6: Florida Transportation Systems, Inc.
A7: General Information
A8: The Transit Research Inspection Procurement Services Program (TRIPS) issued Proposal #TRIPS-22-CA-MB-LF-RFP to establish a series of state contracts for the purchase of cutaways, minibuses, and low floor cutaway vehicles. Through this process contracts were awarded to five (5) different Contractors, each representing a vehicle manufacturer.
A10: This Order Packet contains the necessary instructions and forms for Purchasers to place an order with Florida Transportation Systems, Inc. to purchase these vehicles. This Order Packet also provides guidance and clarity on the relationships between the Contractor, the Purchaser, and Florida DOT’s TRIPS program.
A12: The complete Contract #TRIPS-22-CA-MB-LF-FTS is accessible from the TRIPS website at http://tripsflorida.org and contains the following sections:
A14: - General Requirements: Terms, Conditions and Contractual Provisions
A15: - Exhibit 1 - Part 1: Technical Specifications
A16: - Exhibit 1 - Part 2: Quality Assurance Provisions
A17: - Exhibit 1 - Part 3: Warranty Provisions
... A121: The total purchase price should be paid in full within sixty (60) days after acceptance of each vehicle. Purchasers should note that failure to meet the net 60-day payment terms could result in the assessment of interest and other penalties. Terms are those shown in Price Proposal Form E of the contract document. A 2% monthly service charge will be added to all past due accounts.

Sheet Anticipated Usage Form
D1: Revised 07.31.2025
A3: TRIPS-CA-MB-LF-ABC
A4: Anticipated Usage Form
A6: Service Type (Check all that apply):
C7: Fixed Route
C8: Paratransit
C9: Shuttle/Deviated Fixed Route
B10: Estimated days in a service week:
A11: Operating Environment (Check all that apply):
C12: City Streets
C13: Highway
C14: Parking Lot/Airport Shuttle
C15: Retirement Campus
C16: Combination City/Highway
C17: College Campus
C18: Other
A19: Operational Equipment (Check all that apply):
C20: Destination Signs
C21: Fare Box
C22: Routing Equipment
C23: Camera System
C24: Passenger Counter
C25: Other

Sheet Ford Transit-PrimeTime20ft
A1: Revised 07.31.2025
A3: EXHIBIT 8
A4: ORDER FORM
A5: CONTRACT #TRIPS-22-CA-MB-LF-FTS
A6: Standard Cutaway and Minibus Chassis Type Transit Vehicles
A7: Florida Transportation Systems
A9: All Pricing has been rounded up or down to the nearest whole dollar
A10: Contact Information | G10: For Grant Funded Vehicles Only
A11: Agency Name: | G11: FFY:
A12: Date: | G12: Project: | H12: Select One
A13: PO Number: | G13: UZA:
A14: Name:
A15: Telephone Number:
A16: Email Address:
A17: Form Effective Date:
A18: Chassis Make | F18: Ford Transit
A19: Chassis Model Year | F19: 2026
A20: Model | F20: PrimeTime
A21: Vehicle Style | F21: Transit Minibus
A22: GVWR | F22: 9250
A23: Length in feet | F23: 20
A24: Useful Life | F24: 5 years/200,000 miles
A25: Description | F25: Quantity | G25: UOM | H25: Unit Cost | I25: Extended Cost
A26: Ford Transit, PrimeTime, Transit Minibus 20' | G26: EA | H26: 90487 | I26: =+F26*H26 -> 0
A27: Standard Seats | G27: Per Person | H27: 634 | I27: =+F27*H27 -> 0
A28: Fold-Away Seats | G28: Per Person | H28: 759 | I28: =+F28*H28 -> 0
A29: Children's Seat | G29: Per Person | H29: 807 | I29: =+F29*H29 -> 0
A30: Paint Scheme 1 | G30: EA | H30: 305 | I30: =+F30*H30 -> 0
A31: Paint Scheme 2 | G31: EA | H31: 416 | I31: =+F31*H31 -> 0
A32: Paint Scheme 3 | G32: EA | H32: 533 | I32: =+F32*H32 -> 0
A33: Item No | B33: Description | F33: Quantity | G33: UOM | H33: Unit Cost | I33: Extended Cost
A34: 3.2.3 | B34: Liquid Spring Suspension System | G34: Per Vehicle | H34: 9131 | I34: =+F34*H34 -> 0
A35: 3.3.2 | B35: Stainless steel wheel liners / inserts, front and rear wheels | G35: Per Vehicle | H35: 105 | I35: =+F35*H35 -> 0
A36: 3.4.1 | B36: Freedman Featherweight High Back rigid frame seats (per seat) 3PT Hiqhback, Arm Rest, Grab, Lvl 4 Dimensions | G36: Per Vehicle | H36: 705 | I36: =+F36*H36 -> 0
A37: 3.4.2 | B37: Freedman seat upholstery material provided by CMI Enterprises, or approved equal. Fabric to be CMI DIMENSIONS LATE EVENING, style VP-DIMEN-LEVEN or CMI DIMENSIONS CHARCOAL, style VP-DIMEN-CHAR or approved equal | H37: Standard
A38: 3.4.3 | B38: Freedman Featherweight with Dimensions vinyl line of coated transit bus seating fabric with antimicrobial Nanocide, by CMI Enterprises, or approved equal. Fabric to be CMI DIMENSIONS LATE EVENING, style VP- DIMEN-LEVEN or CMI DIMENSIONS CHARCOAL, style VP-DIMEN-CHAR or aooroved equal | G38: Per Person | H38: 619 | I38: =+F38*H38 -> 0
A39: 3.4.7 | B39: Extend the length of the standard seat belts provided | G39: EA | H39: 41 | I39: =+F39*H39 -> 0
A40: 3.4.8 | B40: Fully Encapsulated Seat Cushioning with FTA Docket 90- A Compliant Vinyl Upholstery per Seat | G40: Per Person | H40: 25 | I40: =+F40*H40 -> 0
A41: 3.8.1 | B41: Driver Safety Partition | G41: Per Vehicle | H41: 212 | I41: =+F41*H41 -> 0
A42: 3.9.1 | B42: Powder-Coated handrails and stanchions (provide color options) | G42: EA | H42: 203 | I42: =+F42*H42 -> 0
A43: 3.11.2 | B43: Hawkeye Reverse Assistance System | G43: Per Vehicle | H43: 828 | I43: =+F43*H43 -> 0
A44: 3.11.3 | B44: Reverse camera and monitor backing system (OEM back-up camera is standard on minibus) | H44: Standard
A45: 3.11.4 | B45: Blind spot detection system | H45: Standard-2024
A46: 3.11.5 | B46: Collision avoidance system | H46: Standard-2024
A47: 3.12.1 | B47: Air purification system (Sanuvox) | G47: Per Vehicle | H47: 1720 | I47: =+F47*H47 -> 0
A48: 3.14.1 | B48: SURE-LOK Titan restraint system | G48: Per Vehicle | H48: 705 | I48: =+F48*H48 -> 0
A49: 3.14.2 | B49: Q'straint QRT Max restraint system | G49: Per Vehicle | H49: 705 | I49: =+F49*H49 -> 0
A50: 3.14.3 | B50: AMF Bruns restraint system | G50: Per Vehicle | H50: 781 | I50: =+F50*H50 -> 0
A51: 3.15.1 | B51: Fogmaker complete turn-key automatic fire suppression system | H51: Standard
A52: 3.15.2 | B52: Amerex Small Vehicle System (SMVS) complete turn-key automatic fire suppression powder system | G52: Per Vehicle | H52: 312 | I52: =+F52*H52 -> 0
A53: 3.15.3 | B53: Kidde complete turn-key automatic fire suppression system | G53: Per Vehicle | H53: 3959 | I53: =+F53*H53 -> 0
A54: 3.15.6 | B54: In-vehicle computer that allows electronic delivery of passenger manifests, automatic data collection, in-vehicle navigation, and enhanced driver/dispatcher communication. TRIPSARK R44-V11OT | G54: Per Vehicle | H54: 5385 | I54: =+F54*H54 -> 0
A55: 3.16.1 | B55: Hand-held and hands-free public address (PA) system | G55: EA | H55: 604 | I55: =+F55*H55 -> 0
A56: 3.16.2 | B56: Hands free cellular/2-way radio communication system | G56: EA | H56: 909 | I56: =+F56*H56 -> 0
A57: 3.16.3 | B57: Upgrade the standard vehicle AM/FM Radio, providing an AM/FM/CD Stereo and MP3 Player with digital clock and front, mid-bus and rear speakers | H57: Standard
A58: 3.17.1 | B58: Manually operated destination sign | G58: EA | H58: 5278 | I58: =+F58*H58 -> 0
A59: 3.17.1.1 | B59: TRANSIGN Roller Curtain Front | G59: EA | H59: 0 | I59: =+F59*H59 -> 0
A60: 3.17.1.2 | B60: TRANSIGN Roller Curtain Side | G60: EA | H60: 0 | I60: =+F60*H60 -> 0
A61: 3.17.1.3 | B61: Transign Front Only | G61: EA | H61: 4462 | I61: =+F61*H61 -> 0
A62: 3.17.2 | B62: Fully automatic programable destination sign | G62: EA | H62: 5578 | I62: =+F62*H62 -> 0
A63: 3.19.1 | B63: Minibus Smart Floor track system | G63: EA | H63: 5070 | I63: =+F63*H63 -> 0
A64: 3.19.2 | B64: Smart Floor seat modification (per seat) | G64: EA | H64: 305 | I64: =+F64*H64 -> 0
A65: 3.21.3 | B65: Valeo Stand Alone UV light purifier | G65: EA | H65: 2697 | I65: =+F65*H65 -> 0
A66: 40258 | B66: USSC 25ft and smaller Paratransit Van UVPHI-Photo Hydro Ionization | G66: EA | H66: 2751 | I66: =+F66*H66 -> 0
A67: 3.22.3 | B67: Rear upper barrier | G67: EA | H67: 305 | I67: =+F67*H67 -> 0
A68: Other Available Options
A69: 3.23.26 | B69: Entry Door Mounted Grab Handles | G69: EA | H69: 497 | I69: =+F69*H69 -> 0
A70: 3.23.30 | B70: WC18 Compliant QStraint per location | G70: EA | H70: 807 | I70: =+F70*H70 -> 0
A71: 3.23.34 | B71: Bike Rack Two Position, Black, Ford | G71: EA | H71: 3649 | I71: =+F71*H71 -> 0
A72: 3.23.36 | B72: DIAMOND FAREBOX WITH 1 VAULT | G72: EA | H72: 1213 | I72: =+F72*H72 -> 0
A73: 3.23.37 | B73: Donation Box (small farebox with manual lock) | G73: EA | H73: 432 | I73: =+F73*H73 -> 0
A74: 3.23.59 | B74: MDT MOUNT FORD | G74: EA | H74: 660 | I74: =+F74*H74 -> 0
A75: 3.23.61 | B75: Freedman Seatlink add-on per double seat | G75: EA | H75: 330 | I75: =+F75*H75 -> 0
A76: 3.23.62 | B76: Freedman Seatlink add-on per single seat | G76: EA | H76: 228 | I76: =+F76*H76 -> 0
A77: 3.23.63 | B77: Freedman Seatlink Head Unit (Small or Large) (required for seatlink) | G77: EA | H77: 695 | I77: =+F77*H77 -> 0
A78: 3.23.65 | B78: Deceleration Light | G78: EA | H78: 401 | I78: =+F78*H78 -> 0
A79: 3.23.66 | B79: 5 CH Vulcan DVR, 1TB Drive, 1 Cam, Cable kit, VMS software | G79: EA | H79: 2436 | I79: =+F79*H79 -> 0
A80: 3.23.67 | B80: 8 CH Vulcan DVR, 1TB Drive, 1 Cam, Cable kit, VMS software | G80: EA | H80: 2766 | I80: =+F80*H80 -> 0
... A135: 3.23.122 | B135: DH8 DVR, 2TB Drive, 1 Cam, Cable kit, VMS software | G135: EA | H135: 2791 | I135: =+F135*H135 -> 0
A136: 3.23.123 | B136: Dual Band WIFI Antenna and Cables | H136: Included
A137: 3.23.124 | B137: G-Force Sensor Compatible with DVR | H137: Included
A138: 3.23.125 | B138: 360° Exterior camera Includes 7" Monitor | G138: EA | H138: 2284 | I138: =+F138*H138 -> 0
A139: 3.23.126 | B139: Vmax/WiFi Subscription Initial | G139: EA | H139: 330 | I139: =+F139*H139 -> 0
A140: 3.23.127 | B140: All AHD Cameras-Mini box, Wedge, Dome, windshield (1.7mm, 2.4mm, 4mm,6mm,8mm,16mm) | G140: EA | H140: 406 | I140: =+F140*H140 -> 0
A141: 3.23.128 | B141: All IP Cameras--(2.4mm,4mm) | G141: EA | H141: 558 | I141: =+F141*H141 -> 0
A142: 3.23.129 | B142: Individual Exterior Camera | G142: EA | H142: 685 | I142: =+F142*H142 -> 0
A143: 3.23.130 | B143: 1 TB Hard Drive | G143: EA | H143: 356 | I143: =+F143*H143 -> 0
A144: 3.23.131 | B144: 2 TB Hard Drive | G144: EA | H144: 482 | I144: =+F144*H144 -> 0
A145: 3.23.132 | B145: 8 CH NEXUS DVR, 1TB Drive SSD, 2 Cam, Cable kit, VMS software | G145: EA | H145: 4821 | I145: =+F145*H145 -> 0
A146: 3.23.133 | B146: 8 CH NEXUS DVR, 2TB Drive SSD, 4 Cam, Cable kit, VMS software | G146: EA | H146: 5583 | I146: =+F146*H146 -> 0
A147: 3.23.134 | B147: 8 CH NEXUS DVR, 2TB Drive SSD, 8 Cam, Cable kit, VMS software | G147: EA | H147: 7359 | I147: =+F147*H147 -> 0
A148: 3.23.135 | B148: 4 TB SOLID STATE DRIVE | G148: EA | H148: 1599 | I148: =+F148*H148 -> 0
A149: 3.23.136 | B149: 8 TB SOLiD STATE DRIVE | G149: EA | H149: 3299 | I149: =+F149*H149 -> 0
... A153: 3.23.140 | B153: SDX Airmax, Bracket Manu Oliva Torres USA | G153: EA | H153: 590 | I153: =+F153*H153 -> 0
A154: TOTAL | I154: =SUM(I26:I153) -> 0
A155: DEDUCTION TOTAL | I155: =+'Vehicle Deductions'!I44 -> 0
A156: GRAND TOTAL | I156: =+I154+I155 -> 0

Sheet Ford Transit-PrimeTime22ft
A1: Revised 07.31.2025
A3: EXHIBIT 8
A4: ORDER FORM
A5: CONTRACT #TRIPS-22-CA-MB-LF-FTS
A6: Standard Cutaway and Minibus Chassis Type Transit Vehicles
A7: Florida Transportation Systems
A9: All Pricing has been rounded up or down to the nearest whole dollar
A10: Contact Information | G10: For Grant Funded Vehicles Only
A11: Agency Name: | G11: FFY:
A12: Date: | G12: Project: | H12: Select One
A13: PO Number: | G13: UZA:
A14: Name:
A15: Telephone Number:
A16: Email Address:
A17: Form Effective Date:
A18: Chassis Make | F18: Ford Transit
A19: Chassis Model Year | F19: 2026
A20: Model | F20: PrimeTime
A21: Vehicle Style | F21: Transit Minibus
A22: GVWR | F22: 10360
A23: Length in feet | F23: 22
A24: Useful Life | F24: 5 Years/200,000 miles
A25: Description | F25: Quantity | G25: UOM | H25: Unit Cost | I25: Extended Cost
A26: Ford Transit, PrimeTime, Transit Minibus 22' | G26: EA | H26: 97302 | I26: =+F26*H26 -> 0
A27: Standard Seats | G27: Per Person | H27: 634 | I27: =+F27*H27 -> 0
A28: Fold-Away Seats | G28: Per Person | H28: 759 | I28: =+F28*H28 -> 0
A29: Children's Seat | G29: Per Person | H29: 807 | I29: =+F29*H29 -> 0
A30: Paint Scheme 1 | G30: EA | H30: 305 | I30: =+F30*H30 -> 0
A31: Paint Scheme 2 | G31: EA | H31: 416 | I31: =+F31*H31 -> 0
A32: Paint Scheme 3 | G32: EA | H32: 533 | I32: =+F32*H32 -> 0
A33: Item No | B33: Description | F33: Quantity | G33: UOM | H33: Unit Cost | I33: Extended Cost
A34: 3.2.3 | B34: Liquid Spring Suspension System | G34: Per Vehicle | H34: 9131 | I34: =+F34*H34 -> 0
A35: 3.3.2 | B35: Stainless steel wheel liners / inserts, front and rear wheels | G35: Per Vehicle | H35: 105 | I35: =+F35*H35 -> 0
A36: 3.4.1 | B36: Freedman Featherweight High Back rigid frame seats (per seat) 3PT Hiqhback, Arm Rest, Grab, Lvl 4 Dimensions | G36: Per Person | H36: 705 | I36: =+F36*H36 -> 0
A37: 3.4.2 | B37: Freedman seat upholstery material provided by CMI Enterprises, or approved equal. Fabric to be CMI DIMENSIONS LATE EVENING, style VP-DIMEN-LEVEN or CMI DIMENSIONS CHARCOAL, style VP-DIMEN-CHAR or approved equal | H37: Standard
A38: 3.4.3 | B38: Freedman Featherweight with Dimensions vinyl line of coated transit bus seating fabric with antimicrobial Nanocide, by CMI Enterprises, or approved equal. Fabric to be CMI DIMENSIONS LATE EVENING, style VP- DIMEN-LEVEN or CMI DIMENSIONS CHARCOAL, style VP-DIMEN-CHAR or aooroved equal | G38: Per Person | H38: 634 | I38: =+F38*H38 -> 0
A39: 3.4.7 | B39: Extend the length of the standard seat belts provided | G39: EA | H39: 41 | I39: =+F39*H39 -> 0
A40: 3.4.8 | B40: Fully Encapsulated Seat Cushioning with FTA Docket 90- A Compliant Vinyl Upholstery per Seat | G40: Per Person | H40: 25 | I40: =+F40*H40 -> 0
A41: 3.8.1 | B41: Driver Safety Partition | G41: Per Vehicle | H41: 212 | I41: =+F41*H41 -> 0
A42: 3.9.1 | B42: Powder-Coated handrails and stanchions (provide color options) | G42: EA | H42: 203 | I42: =+F42*H42 -> 0
A43: 3.11.2 | B43: Hawkeye Reverse Assistance System | G43: Per Vehicle | H43: 828 | I43: =+F43*H43 -> 0
A44: 3.11.3 | B44: Reverse camera and monitor backing system (OEM back-up camera is standard on minibus) | H44: Standard
A45: 3.11.4 | B45: Blind spot detection system | H45: Standard-2024
A46: 3.11.5 | B46: Collision avoidance system | H46: Standard-2024
A47: 3.12.1 | B47: Air purification system (Sanuvox) | G47: Per Vehicle | H47: 1720 | I47: =+F47*H47 -> 0
A48: 3.13.1 | B48: Braun 1,000 lbs. Century Lift, Non SNS Vehicles | G48: Per Vehicle | H48: 305 | I48: =+F48*H48 -> 0
A49: 3.14.1 | B49: SURE-LOK Titan restraint system | G49: Per Vehicle | H49: 705 | I49: =+F49*H49 -> 0
A50: 3.14.2 | B50: Q'straint QRT Max restraint system | G50: Per Vehicle | H50: 705 | I50: =+F50*H50 -> 0
A51: 3.14.3 | B51: AMF Bruns restraint system | G51: Per Vehicle | H51: 781 | I51: =+F51*H51 -> 0
A52: 3.15.1 | B52: Fogmaker complete turn-key automatic fire suppression system | H52: Standard
A53: 3.15.2 | B53: Amerex Small Vehicle System (SMVS) complete turn-key automatic fire suppression powder system. | G53: Per Vehicle | H53: 312 | I53: =+F53*H53 -> 0
A54: 3.15.3 | B54: Kidde complete turn-key automatic fire suppression system | G54: Per Vehicle | H54: 3959 | I54: =+F54*H54 -> 0
A55: 3.15.4 | B55: Camera systems priced by camera quantity, i.e., 2 camera system, 3 camera system, etc. | H55: See Below
A56: 3.15.5 | B56: Camera system replacement parts | H56: See Below
A57: 3.15.6 | B57: In-vehicle computer that allows electronic delivery of passenger manifests, automatic data collection, in-vehicle navigation, and enhanced driver/dispatcher communication TRIPSARK R44-V11OT | G57: Per Vehicle | H57: 5385 | I57: =+F57*H57 -> 0
A58: 3.16.1 | B58: Hand-held and hands-free public address (PA) system | G58: EA | H58: 604 | I58: =+F58*H58 -> 0
A59: 3.16.2 | B59: Hands free cellular/2-way radio communication system. | G59: EA | H59: 909 | I59: =+F59*H59 -> 0
A60: 3.16.3 | B60: Upgrade the standard vehicle AM/FM Radio, providing an AM/FM/CD Stereo and MP3 Player with digital clock and front, mid-bus and rear speakers | H60: Standard
A61: 3.17.1 | B61: Manually operated destination sign | G61: EA | H61: 5278 | I61: =+F61*H61 -> 0
A62: 3.17.1.3 | B62: Transign Front Only destination nsign | G62: ea | H62: 4462 | I62: =+F62*H62 -> 0
A63: 3.17.2 | B63: Fully automatic programable destination sign | G63: EA | H63: 5578 | I63: =+F63*H63 -> 0
A64: 3.19.1 | B64: Minibus Smart Floor track system | G64: EA | H64: 5070 | I64: =+F64*H64 -> 0
A65: 3.19.2 | B65: Smart Floor seat modification (per seat) | G65: EA | H65: 305 | I65: =+F65*H65 -> 0
A66: 3.21.3 | B66: Valeo Stand Alone UV light purifier | G66: EA | H66: 2697 | I66: =+F66*H66 -> 0
A67: 40258 | B67: USSC 25ft and smaller Paratransit Van UVPHI-Photo Hydro Ionization | G67: EA | H67: 2751 | I67: =+F67*H67 -> 0
A68: 3.22.3 | B68: Rear upper barrier | G68: EA | H68: 305 | I68: =+F68*H68 -> 0
A69: Other Available Options
A70: 3.23.26 | B70: Entry Door Mounted Grab Handles | G70: EA | H70: 497 | I70: =+F70*H70 -> 0
A71: 3.23.30 | B71: WC18 Compliant QStraint per location | G71: EA | H71: 807 | I71: =+F71*H71 -> 0
A72: 3.23.34 | B72: Bike Rack Two Position, Black, Ford | G72: EA | H72: 3649 | I72: =+F72*H72 -> 0
A73: 3.23.36 | B73: DIAMOND FAREBOX WITH 1 VAULT | G73: EA | H73: 1213 | I73: =+F73*H73 -> 0
A74: 3.23.37 | B74: Donation Box (small farebox with manual lock) | G74: EA | H74: 432 | I74: =+F74*H74 -> 0
A75: 3.23.59 | B75: MDT MOUNT FORD | G75: EA | H75: 660 | I75: =+F75*H75 -> 0
A76: 3.23.61 | B76: Freedman Seatlink add-on per double seat | G76: EA | H76: 330 | I76: =+F76*H76 -> 0
A77: 3.23.62 | B77: Freedman Seatlink add-on per single seat | G77: EA | H77: 228 | I77: =+F77*H77 -> 0
A78: 3.23.63 | B78: Freedman Seatlink Head Unit (Small or Large) (required for seatlink) | G78: EA | H78: 695 | I78: =+F78*H78 -> 0
A79: 3.23.65 | B79: Deceleration Light | G79: EA | H79: 401 | I79: =+F79*H79 -> 0
A80: 3.23.66 | B80: 5 CH Vulcan DVR, 1TB Drive, 1 Cam, Cable kit, VMS software | G80: EA | H80: 2436 | I80: =+F80*H80 -> 0
A81: 3.23.67 | B81: 8 CH Vulcan DVR, 1TB Drive, 1 Cam, Cable kit, VMS software | G81: EA | H81: 2766 | I81: =+F81*H81 -> 0
... A136: 3.23.122 | B136: DH8 DVR, 2TB Drive, 1 Cam, Cable kit, VMS software | G136: EA | H136: 2791 | I136: =+F136*H136 -> 0
A137: 3.23.123 | B137: Dual Band WIFI Antenna and Cables | H137: Included
A138: 3.23.124 | B138: G-Force Sensor Compatible with DVR | H138: Included
A139: 3.23.125 | B139: 360° Exterior camera Includes 7" Monitor | G139: EA | H139: 2284 | I139: =+F139*H139 -> 0
A140: 3.23.126 | B140: Vmax/WiFi Subscription Initial | G140: EA | H140: 330 | I140: =+F140*H140 -> 0
A141: 3.23.127 | B141: All AHD Cameras-Mini box, Wedge, Dome, windshield (1.7mm, 2.4mm, 4mm,6mm,8mm,16mm) | G141: EA | H141: 406 | I141: =+F141*H141 -> 0
A142: 3.23.128 | B142: All IP Cameras--(2.4mm,4mm) | G142: EA | H142: 558 | I142: =+F142*H142 -> 0
A143: 3.23.129 | B143: Individual Exterior Camera | G143: EA | H143: 685 | I143: =+F143*H143 -> 0
A144: 3.23.130 | B144: 1 TB Hard Drive | G144: EA | H144: 356 | I144: =+F144*H144 -> 0
A145: 3.23.131 | B145: 2 TB Hard Drive | G145: EA | H145: 482 | I145: =+F145*H145 -> 0
A146: 3.23.132 | B146: 8 CH NEXUS DVR, 1TB Drive SSD, 2 Cam, Cable kit, VMS software | G146: EA | H146: 4821 | I146: =+F146*H146 -> 0
A147: 3.23.133 | B147: 8 CH NEXUS DVR, 2TB Drive SSD, 4 Cam, Cable kit, VMS software | G147: EA | H147: 5583 | I147: =+F147*H147 -> 0
A148: 3.23.134 | B148: 8 CH NEXUS DVR, 2TB Drive SSD, 8 Cam, Cable kit, VMS software | G148: EA | H148: 7359 | I148: =+F148*H148 -> 0
A149: 3.23.135 | B149: 4 TB SOLID STATE DRIVE | G149: EA | H149: 1599 | I149: =+F149*H149 -> 0
A150: 3.23.136 | B150: 8 TB SOLiD STATE DRIVE | G150: EA | H150: 3299 | I150: =+F150*H150 -> 0
... A154: 3.23.140 | B154: SDX Airmax, Bracket Manu Oliva Torres USA | G154: EA | H154: 590 | I154: =+F154*H154 -> 0
A155: TOTAL | I155: =SUM(I26:I154) -> 0
A156: DEDUCTION TOTAL | I156: =+'Vehicle Deductions'!I44 -> 0
A157: GRAND TOTAL | I157: =+I155+I156 -> 0

Sheet Ford Trans X2C-Abilitrax
A1: Revised 07.31.2025
A3: EXHIBIT 8
A4: ORDER FORM
A5: CONTRACT #TRIPS-22-CA-MB-LF-FTS
A6: Standard Cutaway and Minibus Chassis Type Transit Vehicles
A7: Florida Transportation Systems
A9: All Pricing has been rounded up or down to the nearest whole dollar
A10: Contact Information | G10: For Grant Funded Vehicles Only
A11: Agency Name: | G11: FFY:
A12: Date: | G12: Project: | H12: Select One
A13: PO Number: | G13: UZA:
A14: Name:
A15: Telephone Number:
A16: Email Address:
A17: Form Effective Date:
A18: Chassis Make | F18: Ford Transit X2C
A19: Chassis Model Year | F19: 2026
A20: Model | F20: Abilitrax
A21: Vehicle Style | F21: Transit Minibus
A22: GVWR | F22: 9250
A23: Length in feet | F23: 22
A24: Useful Life | F24: 5 Years/200,000 Miles
A25: Description | F25: Quantity | G25: UOM | H25: Unit Cost | I25: Extended Cost
A26: Ford Transit X2C, Abilitrax, Transit Minibus 22' | G26: EA | H26: 92941 | I26: =+F26*H26 -> 0
A27: Standard Seats | G27: Per Person | H27: 634 | I27: =+F27*H27 -> 0
A28: Fold-Away Seats | G28: Per Person | H28: 709 | I28: =+F28*H28 -> 0
A29: Children's Seat | G29: Per Person | H29: 812 | I29: =+F29*H29 -> 0
A30: Paint Scheme 1 | G30: EA | H30: 305 | I30: =+F30*H30 -> 0
A31: Paint Scheme 2 | G31: EA | H31: 432 | I31: =+F31*H31 -> 0
A32: Paint Scheme 3 | G32: EA | H32: 518 | I32: =+F32*H32 -> 0
A33: Item No | B33: Description | F33: Quantity | G33: UOM | H33: Unit Cost | I33: Extended Cost
A34: 3.1.2 | B34: Ford E Transit with Fenton Mobility Dual Battery extended range System | G34: Per Vehicle | H34: 88767 | I34: =+F34*H34 -> 0
A35: 3.2.3 | B35: Liquid Spring Suspension System | G35: Per Vehicle | H35: 9131 | I35: =+F35*H35 -> 0
A36: 3.3.1 | B36: Aluminum wheels | G36: Per Vehicle | H36: 482 | I36: =+F36*H36 -> 0
A37: 3.3.2 | B37: Stainless steel wheel liners / inserts, front and rear wheels | G37: Per Vehicle | H37: 315 | I37: =+F37*H37 -> 0
A38: 3.4.1 | B38: Freedman Featherweight High Back rigid frame seats (per seat) 3PT Hiqhback, Arm Rest, Grab, Lvl 4 Dimensions | G38: Per Person | H38: 705 | I38: =+F38*H38 -> 0
A39: 3.4.2 | B39: Freedman seat upholstery material provided by CMI Enterprises, or approved equal. Fabric to be CMI DIMENSIONS LATE EVENING, style VP-DIMEN-LEVEN or CMI DIMENSIONS CHARCOAL, style VP-DIMEN-CHAR or approved equal | H39: Standard
A40: 3.4.3 | B40: Freedman Featherweight with Dimensions vinyl line of coated transit bus seating fabric with antimicrobial Nanocide, by CMI Enterprises, or approved equal. Fabric to be CMI DIMENSIONS LATE EVENING, style VP- DIMEN-LEVEN or CMI DIMENSIONS CHARCOAL, style VP-DIMEN-CHAR or aooroved equal | G40: Per Person | H40: 634 | I40: =+F40*H40 -> 0
A41: 3.4.7 | B41: Extend the length of the standard seat belts provided | G41: EA | H41: 35 | I41: =+F41*H41 -> 0
A42: 3.4.8 | B42: Fully Encapsulated Seat Cushioning with FTA Docket 90- A Compliant Vinyl Upholstery per Seat | G42: Per Person | H42: 25 | I42: =+F42*H42 -> 0
A43: 3.4.9 | B43: Removal of CoPilot Seat/Additional Curbside Entry/Exit | G43: EA | H43: 1968 | I43: =+F43*H43 -> 0
A44: 3.8.1 | B44: Driver Safety Partition | G44: Per Vehicle | H44: 502 | I44: =+F44*H44 -> 0
A45: 3.9.1 | B45: Powder-Coated handrails and stanchions (provide color options) | G45: EA | H45: 228 | I45: =+F45*H45 -> 0
A46: 3.10.1 | B46: Remote controlled exterior mirrors | G46: Per Vehicle | H46: 0 | I46: =+F46*H46 -> 0
A47: 3.11.1 | B47: Romeo Rim HELP bumper | G47: Per Vehicle | H47: 0 | I47: =+F47*H47 -> 0
A48: 3.11.2 | B48: Hawkeye Reverse Assistance System | G48: Per Vehicle | H48: 836 | I48: =+F48*H48 -> 0
A49: 3.11.3 | B49: Reverse camera and monitor backing system | H49: Standard
A50: 3.11.4 | B50: Blind spot detection system | H50: Standard-2024
A51: 3.11.5 | B51: Collision avoidance system | H51: Standard-2024
A52: 3.12.1 | B52: Air purification system (Sanuvox) | G52: EA | H52: 1720 | I52: =+F52*H52 -> 0
A53: 3.13.1 | B53: Braun 1,000 lbs. Century Lift, Non SNS Vehicles | G53: Per Vehicle | H53: 305 | I53: =+F53*H53 -> 0
A54: 3.14.1 | B54: SURE-LOK Titan restraint system | G54: Per Vehicle | H54: 604 | I54: =+F54*H54 -> 0
A55: 3.14.2 | B55: Q'straint QRT Max restraint system | G55: Per Vehicle | H55: 604 | I55: =+F55*H55 -> 0
A56: 3.14.3 | B56: AMF Bruns restraint system | G56: Per Vehicle | H56: 781 | I56: =+F56*H56 -> 0
A57: 3.15.1 | B57: Fogmaker complete turn-key automatic fire suppression system. (INCLUDED AS STANDARD EQUIPMENT IN BASE BID) | H57: Standard
A58: 3.15.2 | B58: Amerex Small Vehicle System (SMVS) complete turn-key automatic fire suppression powder system. | G58: Per Vehicle | H58: 312 | I58: =+F58*H58 -> 0
A59: 3.15.3 | B59: Kidde complete turn-key automatic fire suppression system | G59: Per Vehicle | H59: 4060 | I59: =+F59*H59 -> 0
A60: 3.15.4 | B60: Camera systems priced by camera quantity, i.e., 2 camera system, 3 camera system, etc. | H60: See Below
A61: 3.15.5 | B61: Camera system replacement parts | H61: See Below
A62: 3.15.6 | B62: In-vehicle computer that allows electronic delivery of passenger manifests, automatic data collection, in-vehicle navigation, and enhanced driver/dispatcher communication. TRIPSARK R44-V11OT | G62: Per Vehicle | H62: 5385 | I62: =+F62*H62 -> 0
A63: 3.16.1 | B63: Hand-held and hands-free public address (PA) system | G63: EA | H63: 604 | I63: =+F63*H63 -> 0
B64: Hands-free public address (PA) System | G64: EA | H64: 0 | I64: =+F64*H64 -> 0
A65: 3.16.2 | B65: Hands free cellular/2-way radio communication system | G65: EA | H65: 909 | I65: =+F65*H65 -> 0
A66: 3.16.3 | B66: Upgrade the standard vehicle AM/FM Radio, providing an AM/FM/CD Stereo and MP3 Player with digital clock and front, mid-bus and rear speakers | H66: Standard
A67: 3.17.1 | B67: Manually operated destination sign | G67: EA | H67: 5278 | I67: =+F67*H67 -> 0
A68: 3.17.1.1 | B68: TRANSIGN Roller Curtain Front | G68: EA | H68: 0 | I68: =+F68*H68 -> 0
A69: 3.17.1.2 | B69: TRANSIGN Roller Curtain Side | G69: EA | H69: 0 | I69: =+F69*H69 -> 0
A70: 3.17.1.3 | B70: Transign Front Only | G70: EA | H70: 0 | I70: =+F70*H70 -> 0
A71: 3.17.2 | B71: Fully automatic programable destination sign | G71: EA | H71: 5578 | I71: =+F71*H71 -> 0
A72: 3.19.1 | B72: Minibus Smart Floor track system | G72: EA | H72: 4821 | I72: =+F72*H72 -> 0
A73: 3.19.2 | B73: Smart Floor seat modification (per seat) | G73: EA | H73: 152 | I73: =+F73*H73 -> 0
A74: 3.21.3 | B74: Valeo Stand Alone UV light purifier | G74: EA | H74: 2634 | I74: =+F74*H74 -> 0
A75: 40258 | B75: USSC 25ft and smaller Paratransit Van UVPHI-Photo Hydro Ionization | G75: EA | H75: 2639 | I75: =+F75*H75 -> 0
A76: 3.22.3 | B76: Rear upper barrier | G76: EA | H76: 305 | I76: =+F76*H76 -> 0
A77: Other Available Options
A78: 3.23.26 | B78: Entry Door Mounted Grab Handles | G78: EA | H78: 497 | I78: =+F78*H78 -> 0
A79: 3.23.30 | B79: WC18 Compliant QStraint per location | G79: EA | H79: 807 | I79: =+F79*H79 -> 0
A80: 3.23.34 | B80: Bike Rack Two Position, Black, Ford | G80: EA | H80: 3248 | I80: =+F80*H80 -> 0
A81: 3.23.36 | B81: DIAMOND FAREBOX WITH 1 VAULT | G81: EA | H81: 1315 | I81: =+F81*H81 -> 0
A82: 3.23.37 | B82: Donation Box (small farebox with manual lock) | G82: EA | H82: 502 | I82: =+F82*H82 -> 0
A83: 3.23.59 | B83: MDT MOUNT FORD | G83: EA | H83: 660 | I83: =+F83*H83 -> 0
A84: 3.23.61 | B84: Freedman Seatlink add-on per double seat | G84: EA | H84: 356 | I84: =+F84*H84 -> 0
A85: 3.23.62 | B85: Freedman Seatlink add-on per single seat | G85: EA | H85: 253 | I85: =+F85*H85 -> 0
A86: 3.23.63 | B86: Freedman Seatlink Head Unit (Small or Large) (required for seatlink) | G86: EA | H86: 695 | I86: =+F86*H86 -> 0
A87: 3.23.65 | B87: Deceleration Light | G87: EA | H87: 401 | I87: =+F87*H87 -> 0
A88: 3.23.66 | B88: 5 CH Vulcan DVR, 1TB Drive, 1 Cam, Cable kit, VMS software | G88: EA | H88: 2436 | I88: =+F88*H88 -> 0
A89: 3.23.67 | B89: 8 CH Vulcan DVR, 1TB Drive, 1 Cam, Cable kit, VMS software | G89: EA | H89: 2766 | I89: =+F89*H89 -> 0
... A144: 3.23.122 | B144: DH8 DVR, 2TB Drive, 1 Cam, Cable kit, VMS software | G144: EA | H144: 2791 | I144: =+F144*H144 -> 0
A145: 3.23.123 | B145: Dual Band WIFI Antenna and Cables | H145: Included
A146: 3.23.124 | B146: G-Force Sensor Compatible with DVR | H146: Included
A147: 3.23.125 | B147: 360° Exterior camera Includes 7" Monitor | G147: EA | H147: 2280 | I147: =+F147*H147 -> 0
A148: 3.23.126 | B148: Vmax/WiFi Subscription Initial | G148: EA | H148: 329 | I148: =+F148*H148 -> 0
A149: 3.23.127 | B149: All AHD Cameras-Mini box, Wedge, Dome, windshield (1.7mm, 2.4mm, 4mm,6mm,8mm,16mm) | G149: EA | H149: 405 | I149: =+F149*H149 -> 0
A150: 3.23.128 | B150: All IP Cameras--(2.4mm,4mm) | G150: EA | H150: 557 | I150: =+F150*H150 -> 0
A151: 3.23.129 | B151: Individual Exterior Camera | G151: EA | H151: 684 | I151: =+F151*H151 -> 0
A152: 3.23.130 | B152: 1 TB Hard Drive | G152: EA | H152: 355 | I152: =+F152*H152 -> 0
A153: 3.23.131 | B153: 2 TB Hard Drive | G153: EA | H153: 481 | I153: =+F153*H153 -> 0
A154: 3.23.132 | B154: 8 CH NEXUS DVR, 1TB Drive SSD, 2 Cam, Cable kit, VMS software | G154: EA | H154: 4812 | I154: =+F154*H154 -> 0
A155: 3.23.133 | B155: 8 CH NEXUS DVR, 2TB Drive SSD, 4 Cam, Cable kit, VMS software | G155: EA | H155: 5572 | I155: =+F155*H155 -> 0
A156: 3.23.134 | B156: 8 CH NEXUS DVR, 2TB Drive SSD, 8 Cam, Cable kit, VMS software | G156: EA | H156: 7345 | I156: =+F156*H156 -> 0
...

Sheet Dodge ProMaster MT-1
A1: Revised 07.31.2025
A3: EXHIBIT 8
A4: ORDER FORM
A5: CONTRACT #TRIPS-22-CA-MB-LF-FTS
A6: Standard Cutaway and Minibus Chassis Type Transit Vehicles
A7: Florida Transportation Systems
A9: All Pricing has been rounded up or down to the nearest whole dollar
A10: Contact Information | G10: For Grant Funded Vehicles Only
A11: Agency Name: | G11: FFY:
A12: Date: | G12: Project: | H12: Select One
A13: PO Number: | G13: UZA:
A14: Name:
A15: Telephone Number:
A16: Email Address:
A17: Form Effective Date:
A18: Chassis Make | F18: Dodge Ram
A19: Chassis Model Year | F19: 2026
A20: Model | F20: ProMaster
A21: Vehicle Style | F21: Transit Minibus
A22: GVWR | F22: 9250
A23: Length in feet | F23: 21
A24: Useful Life | F24: 5 Years/200,000 Miles
A25: Description | F25: Quantity | G25: UOM | H25: Unit Cost | I25: Extended Cost
A26: Dodge Ram, ProMaster, Transit Minibus 21' | G26: EA | H26: 139847 | I26: =+F26*H26 -> 0
A27: Standard Seats | G27: Per Person | H27: 634 | I27: =+F27*H27 -> 0
A28: Fold-Away Seats | G28: Per Person | H28: 759 | I28: =+F28*H28 -> 0
A29: Children's Seat | G29: Per Person | H29: 807 | I29: =+F29*H29 -> 0
A30: Paint Scheme 1 | G30: EA | H30: 305 | I30: =+F30*H30 -> 0
A31: Paint Scheme 2 | G31: EA | H31: 416 | I31: =+F31*H31 -> 0
A32: Paint Scheme 3 | G32: EA | H32: 533 | I32: =+F32*H32 -> 0
A33: Item No | B33: Description | F33: Quantity | G33: UOM | H33: Unit Cost | I33: Extended Cost
A34: 3.2.3 | B34: Liquid Spring Suspension System | G34: Per Vehicle | H34: 9131 | I34: =+F34*H34 -> 0
A35: 3.3.2 | B35: Stainless steel wheel liners / inserts, front and rear wheels | G35: Per Vehicle | H35: 105 | I35: =+F35*H35 -> 0
A36: 3.4.1 | B36: Freedman Featherweight High Back rigid frame seats (per seat) 3PT Hiqhback, Arm Rest, Grab, Lvl 4 Dimensions | G36: Per Person | H36: 705 | I36: =+F36*H36 -> 0
A37: 3.4.2 | B37: Freedman seat upholstery material provided by CMI Enterprises, or approved equal. Fabric to be CMI DIMENSIONS LATE EVENING, style VP-DIMEN-LEVEN or CMI DIMENSIONS CHARCOAL, style VP-DIMEN-CHAR or approved equal | H37: Standard
A38: 3.4.3 | B38: Freedman Featherweight with Dimensions vinyl line of coated transit bus seating fabric with antimicrobial Nanocide, by CMI Enterprises, or approved equal. Fabric to be CMI DIMENSIONS LATE EVENING, style VP- DIMEN-LEVEN or CMI DIMENSIONS CHARCOAL, style VP-DIMEN-CHAR or aooroved equal | G38: Per Vehicle | H38: 619 | I38: =+F38*H38 -> 0
A39: 3.4.7 | B39: Extend the length of the standard seat belts provided | G39: EA | H39: 41 | I39: =+F39*H39 -> 0
A40: 3.4.8 | B40: Fully Encapsulated Seat Cushioning with FTA Docket 90- A Compliant Vinyl Upholstery per Seat | G40: Per Vehicle | H40: 25 | I40: =+F40*H40 -> 0
A41: 3.8.1 | B41: Driver Safety Partition | G41: Per Vehicle | H41: 212 | I41: =+F41*H41 -> 0
A42: 3.9.1 | B42: Powder-Coated handrails and stanchions (provide color options) | G42: EA | H42: 203 | I42: =+F42*H42 -> 0
A43: 3.10.1 | B43: Remote controlled exterior mirrors | G43: Per Vehicle | H43: Standard
A44: 3.11.2 | B44: Hawkeye Reverse Assistance System. | G44: Per Vehicle | H44: 828 | I44: =+F44*H44 -> 0
A45: 3.11.3 | B45: Reverse camera and monitor backing system (OEM back-up camera is standard on minibus) | H45: Standard
A46: 3.11.4 | B46: Blind spot detection system | H46: Standard-2024
A47: 3.11.5 | B47: Collision avoidance system | H47: Standard-2024
A48: 3.12.1 | B48: Air purification system (Sanuvox) | G48: Per Vehicle | H48: 1720 | I48: =+F48*H48 -> 0
A49: 3.14.1 | B49: SURE-LOK Titan restraint system | G49: Per Vehicle | H49: 705 | I49: =+F49*H49 -> 0
A50: 3.14.2 | B50: Q'straint QRT Max restraint system | G50: Per Vehicle | H50: 705 | I50: =+F50*H50 -> 0
A51: 3.14.3 | B51: AMF Bruns restraint system | G51: Per Vehicle | H51: 781 | I51: =+F51*H51 -> 0
A52: 3.15.1 | B52: Fogmaker complete turn-key automatic fire suppression system. | H52: Standard
A53: 3.15.2 | B53: Amerex Small Vehicle System (SMVS) complete turn-key automatic fire suppression powder system. | G53: Per Vehicle | H53: 312 | I53: =+F53*H53 -> 0
A54: 3.15.3 | B54: Kidde complete turn-key automatic fire suppression system | G54: Per Vehicle | H54: 3959 | I54: =+F54*H54 -> 0
A55: 3.15.6 | B55: In-vehicle computer that allows electronic delivery of passenger manifests, automatic data collection, in-vehicle navigation, and enhanced driver/dispatcher communication TRIPSARK R44-V11OT | G55: Per Vehicle | H55: 5385 | I55: =+F55*H55 -> 0
A56: 3.16.1 | B56: Hand-held and hands-free public address (PA) system | G56: EA | H56: 604 | I56: =+F56*H56 -> 0
A57: 3.16.2 | B57: Hands free cellular/2-way radio communication system. | G57: EA | H57: 909 | I57: =+F57*H57 -> 0
A58: 3.16.3 | B58: Upgrade the standard vehicle AM/FM Radio, providing an AM/FM/CD Stereo and MP3 Player with digital clock and front, mid-bus and rear speakers | H58: Standard
A59: 3.17.1 | B59: Manually operated destination sign | G59: EA | H59: 5278 | I59: =+F59*H59 -> 0
A60: 3.17.1.3 | B60: Transign Front Only | G60: EA | H60: 4462 | I60: =+F60*H60 -> 0
A61: 3.17.2 | B61: Fully automatic programable destination sign | G61: EA | H61: 5578 | I61: =+F61*H61 -> 0
A62: 3.19.1 | B62: Minibus Smart Floor track system | G62: EA | H62: 5070 | I62: =+F62*H62 -> 0
A63: 3.19.2 | B63: Smart Floor seat modification (per seat) | G63: EA | H63: 305 | I63: =+F63*H63 -> 0
A64: 3.21.3 | B64: Valeo Stand Alone UV light purifier | G64: EA | H64: 2697 | I64: =+F64*H64 -> 0
A65: 40258 | B65: USSC 25ft and smaller Paratransit Van UVPHI-Photo Hydro Ionization | G65: EA | H65: 2751 | I65: =+F65*H65 -> 0
A66: 3.22.3 | B66: Rear upper barrier | G66: EA | H66: 305 | I66: =+F66*H66 -> 0
A67: Other Available Options
A68: 3.23.26 | B68: Entry Door Mounted Grab Handles | G68: EA | H68: 497 | I68: =+F68*H68 -> 0
A69: 3.23.30 | B69: WC18 Compliant QStraint per location | G69: EA | H69: 807 | I69: =+F69*H69 -> 0
A70: 3.23.34 | B70: Bike Rack Two Position, Black, Ford | G70: EA | H70: 0 | I70: =+F70*H70 -> 0
A71: 3.23.35 | B71: Bike Rack Two Position, Black, Promaster | G71: EA | H71: 3040 | I71: =+F71*H71 -> 0
A72: 3.23.36 | B72: DIAMOND FAREBOX WITH 1 VAULT | G72: EA | H72: 1213 | I72: =+F72*H72 -> 0
A73: 3.23.37 | B73: Donation Box (small farebox with manual lock) | G73: EA | H73: 432 | I73: =+F73*H73 -> 0
A74: 3.23.59 | B74: MDT MOUNT FORD | G74: EA | H74: 0 | I74: =+F74*H74 -> 0
A75: 3.23.60 | B75: MDT MOUNT DODGE | G75: EA | H75: 300 | I75: =+F75*H75 -> 0
A76: 3.23.61 | B76: Freedman Seatlink add-on per double seat | G76: EA | H76: 330 | I76: =+F76*H76 -> 0
A77: 3.23.62 | B77: Freedman Seatlink add-on per single seat | G77: EA | H77: 228 | I77: =+F77*H77 -> 0
A78: 3.23.63 | B78: Freedman Seatlink Head Unit (Small or Large) (required for seatlink) | G78: EA | H78: 695 | I78: =+F78*H78 -> 0
A79: 3.23.65 | B79: Deceleration Light | G79: EA | H79: 401 | I79: =+F79*H79 -> 0
... A136: 3.23.122 | B136: DH8 DVR, 2TB Drive, 1 Cam, Cable kit, VMS software | G136: EA | H136: 2791 | I136: =+F136*H136 -> 0
A137: 3.23.123 | B137: Dual Band WIFI Antenna and Cables | H137: Included
A138: 3.23.124 | B138: G-Force Sensor Compatible with DVR | H138: Included
A139: 3.23.125 | B139: 360° Exterior camera Includes 7" Monitor | G139: EA | H139: 2280 | I139: =+F139*H139 -> 0
A140: 3.23.126 | B140: Vmax/WiFi Subscription Initial | G140: EA | H140: 329 | I140: =+F140*H140 -> 0
A141: 3.23.127 | B141: All AHD Cameras-Mini box, Wedge, Dome, windshield (1.7mm, 2.4mm, 4mm,6mm,8mm,16mm) | G141: EA | H141: 405 | I141: =+F141*H141 -> 0
A142: 3.23.128 | B142: All IP Cameras--(2.4mm,4mm) | G142: EA | H142: 557 | I142: =+F142*H142 -> 0
A143: 3.23.129 | B143: Individual Exterior Camera | G143: EA | H143: 684 | I143: =+F143*H143 -> 0
A144: 3.23.130 | B144: 1 TB Hard Drive | G144: EA | H144: 355 | I144: =+F144*H144 -> 0
A145: 3.23.131 | B145: 2 TB Hard Drive | G145: EA | H145: 481 | I145: =+F145*H145 -> 0
A146: 3.23.132 | B146: 8 CH NEXUS DVR, 1TB Drive SSD, 2 Cam, Cable kit, VMS software | G146: EA | H146: 4812 | I146: =+F146*H146 -> 0
A147: 3.23.133 | B147: 8 CH NEXUS DVR, 2TB Drive SSD, 4 Cam, Cable kit, VMS software | G147: EA | H147: 5572 | I147: =+F147*H147 -> 0
A148: 3.23.134 | B148: 8 CH NEXUS DVR, 2TB Drive SSD, 8 Cam, Cable kit, VMS software | G148: EA | H148: 7345 | I148: =+F148*H148 -> 0
A149: 3.23.135 | B149: 4 TB SOLID STATE DRIVE | G149: EA | H149: 1596 | I149: =+F149*H149 -> 0
A150: 3.23.136 | B150: 8 TB SOLiD STATE DRIVE | G150: EA | H150: 3293 | I150: =+F150*H150 -> 0
... A153: 3.25.139 | B153: SDX Airmax, Bracket Manu Oliva Torres USA | G153: EA | H153: 825 | I153: =+F153*H153 -> 0
A154: TOTAL | I154: =SUM(I26:I153) -> 0
A155: DEDUCTION TOTAL | I155: =+'Vehicle Deductions'!I44 -> 0
A156: GRAND TOTAL | I156: =+I154+I155 -> 0

Sheet Ford Trans U4X-Abilitrax
A1: Revised 07.31.2025
A3: EXHIBIT 8
A4: ORDER FORM
A5: CONTRACT #TRIPS-22-CA-MB-LF-FTS
A6: Standard Cutaway and Minibus Chassis Type Transit Vehicles
A7: Florida Transportation Systems
A9: All Pricing has been rounded up or down to the nearest whole dollar
A10: Contact Information | G10: For Grant Funded Vehicles Only
A11: Agency Name: | G11: FFY:
A12: Date: | G12: Project: | H12: Select One
A13: PO Number: | G13: UZA:
A14: Name:
A15: Telephone Number:
A16: Email Address:
A17: Form Effective Date:
A18: Chassis Make | F18: Ford Transit U4X
A19: Chassis Model Year | F19: 2026
A20: Model | F20: Abilitrax
A21: Vehicle Style | F21: Transit Minibus
A22: GVWR | F22: 10360
A23: Length in feet | F23: 22
A24: Useful Life | F24: 5 Years/200,000Miles
A25: Description | F25: Quantity | G25: UOM | H25: Unit Cost | I25: Extended Cost
A26: Ford Transit U4X, Abilitrax, Transit Minibus 22' | G26: EA | H26: 95993 | I26: =+F26*H26 -> 0
A27: Standard Seats | G27: Per Person | H27: 634 | I27: =+F27*H27 -> 0
A28: Fold-Away Seats | G28: Per Person | H28: 709 | I28: =+F28*H28 -> 0
A29: Children's Seat | G29: Per Person | H29: 812 | I29: =+F29*H29 -> 0
A30: Paint Scheme 1 | G30: EA | H30: 305 | I30: =+F30*H30 -> 0
A31: Paint Scheme 2 | G31: EA | H31: 432 | I31: =+F31*H31 -> 0
A32: Paint Scheme 3 | G32: EA | H32: 518 | I32: =+F32*H32 -> 0
A33: Item No | B33: Description | F33: Quantity | G33: UOM | H33: Unit Cost | I33: Extended Cost
A34: 3.2.3 | B34: Liquid Spring Suspension System | G34: Per Vehicle | H34: 9131 | I34: =+F34*H34 -> 0
A35: 3.3.2 | B35: Stainless steel wheel liners / inserts, front and rear wheels | G35: Per Vehicle | H35: 315 | I35: =+F35*H35 -> 0
A36: 3.4.1 | B36: Freedman Featherweight High Back rigid frame seats (per seat) 3PT Hiqhback, Arm Rest, Grab, Lvl 4 Dimensions | G36: Per Person | H36: 705 | I36: =+F36*H36 -> 0
A37: 3.4.2 | B37: Freedman seat upholstery material provided by CMI Enterprises, or approved equal. Fabric to be CMI DIMENSIONS LATE EVENING, style VP-DIMEN-LEVEN or CMI DIMENSIONS CHARCOAL, style VP-DIMEN-CHAR or approved equal | H37: Standard
A38: 3.4.3 | B38: Freedman Featherweight with Dimensions vinyl line of coated transit bus seating fabric with antimicrobial Nanocide, by CMI Enterprises, or approved equal. Fabric to be CMI DIMENSIONS LATE EVENING, style VP- DIMEN-LEVEN or CMI DIMENSIONS CHARCOAL, style VP-DIMEN-CHAR or aooroved equal | G38: Per Person | H38: 634 | I38: =+F38*H38 -> 0
A39: 3.4.7 | B39: Extend the length of the standard seat belts provided | G39: EA | H39: 35 | I39: =+F39*H39 -> 0
A40: 3.4.8 | B40: Fully Encapsulated Seat Cushioning with FTA Docket 90- A Compliant Vinyl Upholstery per Seat | G40: Per Person | H40: 25 | I40: =+F40*H40 -> 0
A41: 3.4.9 | B41: Removal of CoPilot Seat/Additional Curbside Entry/Exit | G41: EA | H41: 1968 | I41: =+F41*H41 -> 0
A42: 3.6.1 | B42: A Flat-Floor option | H42: Standard
A43: 3.7.1 | B43: Alternate slip resistant sheet vinyl flooring | H43: Standard
A44: 3.8.1 | B44: Driver Safety Partition | G44: Per Vehicle | H44: 502 | I44: =+F44*H44 -> 0
A45: 3.9.1 | B45: Powder-Coated handrails and stanchions (provide color options) | G45: EA | H45: 228 | I45: =+F45*H45 -> 0
A46: 3.10.1 | B46: Remote controlled exterior mirrors | H46: Standard
A47: 3.11.2 | B47: Hawkeye Reverse Assistance System | G47: Per Vehicle | H47: 836 | I47: =+F47*H47 -> 0
A48: 3.11.3 | B48: Reverse camera and monitor backing system (OEM back-up camera is standard on minibus). | H48: Standard
A49: 3.11.4 | B49: Blind spot detection system | H49: Standard-2024
A50: 3.11.5 | B50: Collision avoidance system | H50: Standard-2024
A51: 3.12.1 | B51: Air purification system (Sanuvox) | G51: Per Vehicle | H51: 1720 | I51: =+F51*H51 -> 0
A52: 3.13.1 | B52: Braun 1,000 lbs. Century Lift, Non SNS Vehicles | G52: Per Vehicle | H52: 305 | I52: =+F52*H52 -> 0
A53: 3.14.1 | B53: SURE-LOK Titan restraint system | G53: Per Vehicle | H53: 604 | I53: =+F53*H53 -> 0
A54: 3.14.2 | B54: Q'straint QRT Max restraint system | G54: Per Vehicle | H54: 604 | I54: =+F54*H54 -> 0
A55: 3.14.3 | B55: AMF Bruns restraint system | G55: Per Vehicle | H55: 781 | I55: =+F55*H55 -> 0
A56: 3.15.1 | B56: Fogmaker complete turn-key automatic fire suppression system | H56: Standard
A57: 3.15.2 | B57: Amerex Small Vehicle System (SMVS) complete turn-key automatic fire suppression powder system. | G57: Per Vehicle | H57: 312 | I57: =+F57*H57 -> 0
A58: 3.15.3 | B58: Kidde complete turn-key automatic fire suppression system | G58: Per Vehicle | H58: 4060 | I58: =+F58*H58 -> 0
A59: 3.15.4 | B59: Camera systems priced by camera quantity, i.e., 2 camera system, 3 camera system, etc. | H59: SEE BELOW
A60: 3.15.5 | B60: Camera system replacement parts | H60: SEE BELOW
A61: 3.15.6 | B61: In-vehicle computer that allows electronic delivery of passenger manifests, automatic data collection, in-vehicle navigation, and enhanced driver/dispatcher communication. TRIPSARK R44-V11OT | G61: Per Vehicle | H61: 5385 | I61: =+F61*H61 -> 0
A62: 3.16.1 | B62: Hand-held and hands-free public address (PA) system | G62: EA | H62: 604 | I62: =+F62*H62 -> 0
A63: 3.16.2 | B63: Hands free cellular/2-way radio communication system | G63: EA | H63: 909 | I63: =+F63*H63 -> 0
A64: 3.16.3 | B64: Upgrade the standard vehicle AM/FM Radio, providing an AM/FM/CD Stereo and MP3 Player with digital clock and front, mid-bus and rear speakers | H64: Standard
A65: 3.17.1 | B65: Manually operated destination sign | G65: EA | H65: 5278 | I65: =+F65*H65 -> 0
A66: 3.17.2 | B66: Fully automatic programable destination sign | G66: EA | H66: 5578 | I66: =+F66*H66 -> 0
A67: 3.19.1 | B67: Minibus Smart Floor track system | G67: EA | H67: 4821 | I67: =+F67*H67 -> 0
A68: 3.19.2 | B68: Smart Floor seat modification (per seat) | G68: EA | H68: 152 | I68: =+F68*H68 -> 0
A69: 3.21.3 | B69: Valeo Stand Alone UV light purifier | G69: EA | H69: 2634 | I69: =+F69*H69 -> 0
A70: 40258 | B70: USSC 25ft and smaller Paratransit Van UVPHI-Photo Hydro Ionization | G70: EA | H70: 2639 | I70: =+F70*H70 -> 0
A71: 3.22.3 | B71: Rear upper barrier | G71: EA | H71: 305 | I71: =+F71*H71 -> 0
A72: Other Available Options
A73: 3.23.26 | B73: Entry Door Mounted Grab Handles | G73: EA | H73: 497 | I73: =+F73*H73 -> 0
A74: 3.23.30 | B74: WC18 Compliant QStraint per location | G74: EA | H74: 807 | I74: =+F74*H74 -> 0
A75: 3.23.34 | B75: Bike Rack Two Position, Black, Ford | G75: EA | H75: 3248 | I75: =+F75*H75 -> 0
A76: 3.23.36 | B76: DIAMOND FAREBOX WITH 1 VAULT | G76: EA | H76: 1315 | I76: =+F76*H76 -> 0
A77: 3.23.37 | B77: Donation Box (small farebox with manual lock) | G77: EA | H77: 502 | I77: =+F77*H77 -> 0
A78: 3.23.59 | B78: MDT MOUNT FORD | G78: EA | H78: 660 | I78: =+F78*H78 -> 0
A79: 3.23.61 | B79: Freedman Seatlink add-on per double seat | G79: EA | H79: 356 | I79: =+F79*H79 -> 0
A80: 3.23.62 | B80: Freedman Seatlink add-on per single seat | G80: EA | H80: 253 | I80: =+F80*H80 -> 0
A81: 3.23.63 | B81: Freedman Seatlink Head Unit (Small or Large) (required for seatlink) | G81: EA | H81: 695 | I81: =+F81*H81 -> 0
A82: 3.23.64 | B82: Bus Door ilo Shift N Step | G82: EA | H82: 5786 | I82: =+F82*H82 -> 0
A83: 3.23.65 | B83: Deceleration Light | G83: EA | H83: 401 | I83: =+F83*H83 -> 0
A84: 3.23.66 | B84: 5 CH Vulcan DVR, 1TB Drive, 1 Cam, Cable kit, VMS software | G84: EA | H84: 2436 | I84: =+F84*H84 -> 0
... A140: 3.23.122 | B140: DH8 DVR, 2TB Drive, 1 Cam, Cable kit, VMS software | G140: EA | H140: 2791 | I140: =+F140*H140 -> 0
A141: 3.23.123 | B141: Dual Band WIFI Antenna and Cables | H141: Included
A142: 3.23.124 | B142: G-Force Sensor Compatible with DVR | H142: Included
A143: 3.23.125 | B143: 360° Exterior camera Includes 7" Monitor | G143: EA | H143: 2284 | I143: =+F143*H143 -> 0
A144: 3.23.126 | B144: Vmax/WiFi Subscription Initial | G144: EA | H144: 330 | I144: =+F144*H144 -> 0
A145: 3.23.127 | B145: All AHD Cameras-Mini box, Wedge, Dome, windshield (1.7mm, 2.4mm, 4mm,6mm,8mm,16mm) | G145: EA | H145: 406 | I145: =+F145*H145 -> 0
A146: 3.23.128 | B146: All IP Cameras--(2.4mm,4mm) | G146: EA | H146: 558 | I146: =+F146*H146 -> 0
A147: 3.23.129 | B147: Individual Exterior Camera | G147: EA | H147: 685 | I147: =+F147*H147 -> 0
A148: 3.23.130 | B148: 1 TB Hard Drive | G148: EA | H148: 356 | I148: =+F148*H148 -> 0
A149: 3.23.131 | B149: 2 TB Hard Drive | G149: EA | H149: 482 | I149: =+F149*H149 -> 0
A150: 3.23.132 | B150: 8 CH NEXUS DVR, 1TB Drive SSD, 2 Cam, Cable kit, VMS software | G150: EA | H150: 4821 | I150: =+F150*H150 -> 0
A151: 3.23.133 | B151: 8 CH NEXUS DVR, 2TB Drive SSD, 4 Cam, Cable kit, VMS software | G151: EA | H151: 5583 | I151: =+F151*H151 -> 0
A152: 3.23.134 | B152: 8 CH NEXUS DVR, 2TB Drive SSD, 8 Cam, Cable kit, VMS software | G152: EA | H152: 7359 | I152: =+F152*H152 -> 0
A153: 3.23.135 | B153: 4 TB SOLID STATE DRIVE | G153: EA | H153: 1599 | I153: =+F153*H153 -> 0
A154: 3.23.136 | B154: 8 TB SOLiD STATE DRIVE | G154: EA | H154: 3299 | I154: =+F154*H154 -> 0
... A159: 3.23.141 | B159: SDX Airmax, Bracket Manu Oliva Torres USA | G159: EA | H159: -200 | I159: =+F159*H159 -> 0
A160: TOTAL | I160: =SUM(I26:I159) -> 0
A161: DEDUCTION TOTAL | I161: =+'Vehicle Deductions'!I44 -> 0
...

Sheet Ford Trans 350-Enderra B23
A1: Revised 07.31.2025
A3: EXHIBIT 8
A4: ORDER FORM
A5: CONTRACT #TRIPS-22-CA-MB-LF-FTS
A6: Standard Cutaway and Minibus Chassis Type Transit Vehicles
A7: Florida Transportation Systems
A9: All Pricing has been rounded up or down to the nearest whole dollar
A10: Contact Information | G10: For Grant Funded Vehicles Only
A11: Agency Name: | G11: FFY:
A12: Date: | G12: Project: | H12: Select One
A13: PO Number: | G13: UZA:
A14: Name:
A15: Telephone Number:
A16: Email Address:
A17: Form Effective Date:
A18: Chassis Make | F18: Ford T350 3.5L
A19: Chassis Model Year | F19: 2026
A20: Model | F20: Enderra
A21: Vehicle Style | F21: Cutaway
A22: GVWR | F22: 11000
A23: Length in feet | F23: 23
A24: Useful Life | F24: 5 Years/200,000 Miles
A25: Description | F25: Quantity | G25: UOM | H25: Unit Cost | I25: Extended Cost
A26: Ford E350 7.3L, Enderra, Cutaway 23' | G26: EA | H26: 120370 | I26: =+F26*H26 -> 0
A27: Standard Seats | G27: Per Person | H27: 505 | I27: =+F27*H27 -> 0
A28: Fold-Away Seats | G28: Per Person | H28: 608 | I28: =+F28*H28 -> 0
A29: Children's Seat | G29: Per Person | H29: 638 | I29: =+F29*H29 -> 0
A30: Paint Scheme 1 | G30: EA | H30: 537 | I30: =+F30*H30 -> 0
A31: Paint Scheme 2 | G31: EA | H31: 831 | I31: =+F31*H31 -> 0
A32: Paint Scheme 3 | G32: EA | H32: 1044 | I32: =+F32*H32 -> 0
A33: Item No | B33: Description | F33: Quantity | G33: UOM | H33: Unit Cost | I33: Extended Cost
A34: 3.1.2.1 | B34: XL Hybrid system Installed by A1 Fuels for Ford Transit Cutaway | G34: Per Vehicle | H34: 27359 | I34: =+F34*H34 -> 0
A35: 3.1.2.2 | B35: 21GGE LPG Kit by Alliance Autogas (Bi-fuel) Installed by A1 Fuels for Ford Transit Cutaway | G35: Per Vehicle | H35: 17983 | I35: =+F35*H35 -> 0
A36: 3.1.2.9 | B36: Starter Interrupt for CNG and LPG conversion kits | G36: Per Vehicle | H36: 355 | I36: =+F36*H36 -> 0
A37: 3.1.2.10 | B37: Amerex Methane Gas Detection | G37: Per Vehicle | H37: 2280 | I37: =+F37*H37 -> 0
A38: 3.2.1 | B38: MoRYde RSX rear suspension system | G38: Per Vehicle | H38: 790 | I38: =+F38*H38 -> 0
A39: 3.2.2 | B39: Kelderman 2-Stage Rear Air Suspension | G39: Per Vehicle | H39: 6454 | I39: =+F39*H39 -> 0
A40: 3.2.3 | B40: Liquid Spring Suspension System | G40: Per Vehicle | H40: 9017 | I40: =+F40*H40 -> 0
A41: 3.3.1 | B41: Aluminum wheels | G41: Per Vehicle | H41: 2178 | I41: =+F41*H41 -> 0
A42: 3.3.2 | B42: Stainless steel wheel liners / inserts, front and rear wheels | G42: Per Vehicle | H42: 289 | I42: =+F42*H42 -> 0
A43: 3.4.1 | B43: Freedman Featherweight High Back rigid frame seats (per seat) 3PT Hiqhback, Arm Rest, Grab, Lvl 4 Dimensions | G43: Per Person | H43: 505 | I43: =+F43*H43 -> 0
A44: 3.4.2 | B44: Freedman seat upholstery material provided by CMI Enterprises, or approved equal. Fabric to be CMI DIMENSIONS LATE EVENING, style VP-DIMEN-LEVEN or CMI DIMENSIONS CHARCOAL, style VP-DIMEN-CHAR or approved equal | H44: Standard
A45: 3.4.3 | B45: Freedman Featherweight with Dimensions vinyl line of coated transit bus seating fabric with antimicrobial Nanocide, by CMI Enterprises, or approved equal, fabric to be CMI DIMENSIONS LATE EVENING, style VP- DIMEN-LEVEN or CMI DIMENSIONS CHARCOAL, style VP-DIMEN-CHAR or aooroved equal | G45: Per Person | H45: 466 | I45: =+F45*H45 -> 0
A46: 3.4.4 | B46: Kiel 3-point Standard Seat | G46: Per Person | H46: 537 | I46: =+F46*H46 -> 0
A47: 3.4.5 | B47: Kiel 3-point Foldaway Seat | G47: Per Person | H47: 750 | I47: =+F47*H47 -> 0
A48: 3.4.6 | B48: Upgrade interior side wall panels with Nanocide | G48: EA | H48: 441 | I48: =+F48*H48 -> 0
A49: 3.4.7 | B49: Extend the length of the standard seat belts provided | G49: EA | H49: 41 | I49: =+F49*H49 -> 0
A50: 3.4.8 | B50: Fully Encapsulated Seat Cushioning with FTA Docket 90- A Compliant Vinyl Upholstery per Seat | G50: Per Person | H50: 25 | I50: =+F50*H50 -> 0
A51: 3.5.1 | B51: USSC Evolution G2E with pedestal | G51: EA | H51: 1540 | I51: =+F51*H51 -> 0
A52: 3.5.2 | B52: Freedman Sport Driver seat with Relaxor | G52: Per Vehicle | H52: 993 | I52: =+F52*H52 -> 0
A53: 3.5.3 | B53: Recaro Ergo LXS driver's seat | G53: Per Vehicle | H53: 1540 | I53: =+F53*H53 -> 0
A54: 3.5.3.1 | B54: Shield FC Drivers Seat | G54: Per Vehicle | H54: 1009 | I54: =+F54*H54 -> 0
A55: 3.6.1 | B55: A Flat-Floor option | G55: Per Vehicle | H55: 988 | I55: =+F55*H55 -> 0
A56: 3.7.1 | B56: Alternate slip resistant sheet vinyl flooring | G56: Per Vehicle | H56: 456 | I56: =+F56*H56 -> 0
... A71: 3.14.3 | B71: AMF Bruns restraint system | G71: Per Vehicle | H71: 674 | I71: =+F71*H71 -> 0
A72: 3.15.1 | B72: Fogmaker complete turn-key automatic fire suppression system. (INCLUDED AS STANDARD EQUIPMENT IN BASE BID) | H72: Standard
A73: 3.15.2 | B73: Amerex Small Vehicle System (SMVS) complete turn-key automatic fire suppression powder system | G73: Per Vehicle | H73: 132 | I73: =+F73*H73 -> 0
A74: 3.15.3 | B74: Kidde complete turn-key automatic fire suppression system | G74: Per Vehicle | H74: 2198 | I74: =+F74*H74 -> 0
A75: 3.15.4 | B75: Camera systems priced by camera quantity, i.e., 2 camera system, 3 camera system, etc. | H75: See Below
A76: 3.15.5 | B76: Camera system replacement parts | H76: See Below
A77: 3.15.6 | B77: In-vehicle computer that allows electronic delivery of passenger manifests, automatic data collection, in-vehicle navigation, and enhanced driver/dispatcher communication. TRIPSARK R44-V11OT | G77: Per Vehicle | H77: 5375 | I77: =+F77*H77 -> 0
A78: 3.16.1 | B78: Hand-held and hands-free public address (PA) system | G78: EA | H78: 588 | I78: =+F78*H78 -> 0
A79: 3.16.1.A | B79: Hands-free public address (PA) System | G79: EA | H79: 603 | I79: =+F79*H79 -> 0
A80: 3.16.2 | B80: Hands free cellular/2-way radio communication system. | G80: EA | H80: 790 | I80: =+F80*H80 -> 0
A81: 3.16.3 | B81: Upgrade the standard vehicle AM/FM Radio, providing an AM/FM/CD Stereo and MP3 Player with digital clock and front, mid-bus and rear speakers. | G81: EA | H81: 314 | I81: =+F81*H81 -> 0
A82: 3.17.1.1 | B82: TRANSIGN Roller Curtain Front | G82: EA | H82: 1795 | I82: =+F82*H82 -> 0
A83: 3.17.1.2 | B83: TRANSIGN Roller Curtain Side | G83: EA | H83: 2223 | I83: =+F83*H83 -> 0
A84: 3.17.2.1 | B84: Hanover Front destination Sign | G84: EA | H84: 3627 | I84: =+F84*H84 -> 0
A85: 3.17.2.2 | B85: Hanover Side destination Sign | G85: EA | H85: 1474 | I85: =+F85*H85 -> 0
A86: 3.17.2.3 | B86: Luminator/Twinvision Mobilite Front Destination Sign | G86: EA | H86: 3394 | I86: =+F86*H86 -> 0
A87: 3.17.2.4 | B87: Luminator/Twinvision Mobilite Side Destination Sign | G87: EA | H87: 1773 | I87: =+F87*H87 -> 0
A88: 3.17.2.5 | B88: Twinvison Smart Series Front Destination Sign Amber | G88: EA | H88: 2533 | I88: =+F88*H88 -> 0
... A101: 3.21.9 | B101: ESD Environment Disinfection System - Fixed Ceiling/Wall mount UVGI Fixture for Transit Vehicles and Facilities. | G101: EA | H101: 735 | I101: =+F101*H101 -> 0
A102: 40258 | B102: USSC 25ft and smaller Paratransit Van UVPHI-Photo Hydro Ionization | G102: EA | H102: 2482 | I102: =+F102*H102 -> 0
A103: 40989 | B103: Code 3 Antimicrobial Lighting | G103: EA | H103: 1981 | I103: =+F103*H103 -> 0
A104: 3.22.1 | B104: Rotating Hinge Side Barrier (E350, E450, Chevy 3500 and Chevy 4500) | G104: EA | H104: 1702 | I104: =+F104*H104 -> 0
A105: 3.22.7 | B105: Power manufacturing Cutaway Bus Operator Barrier | G105: EA | H105: 1773 | I105: =+F105*H105 -> 0
A106: Other Available Options
A107: 3.23.1 | B107: QRT 10008 - 360 WC-18 Slide & Click | G107: EA | H107: 846 | I107: =+F107*H107 -> 0
A108: 3.23.2 | B108: Additional Q-Straint Belt Storage Pouch | G108: EA | H108: 61 | I108: =+F108*H108 -> 0
A109: 3.23.3 | B109: Additional Q-Straint 14" quick strap/webbing loop | G109: EA | H109: 61 | I109: =+F109*H109 -> 0
A110: 3.23.4 | B110: Front Mud Flaps | G110: EA | H110: 66 | I110: =+F110*H110 -> 0
A111: 3.23.5 | B111: Exterior Mirrors, Rosco Remote Power - Heated - Turn Signal, Black Arms | G111: EA | H111: 638 | I111: =+F111*H111 -> 0
A112: 3.23.6 | B112: Valve Stem Extender Inner Dual Rear Wheel, pair (screw on type) | G112: EA | H112: 76 | I112: =+F112*H112 -> 0
A113: 3.23.7 | B113: AV Grab Handle Black (PPE Material) | G113: EA | H113: 35 | I113: =+F113*H113 -> 0
A114: 3.23.8 | B114: AV Grab Handle Yellow (PPE Material) | G114: EA | H114: 46 | I114: =+F114*H114 -> 0
A115: 3.23.9 | B115: Flip-up US Armrest, Black (PPE Material) | G115: EA | H115: 35 | I115: =+F115*H115 -> 0
A116: 3.23.10 | B116: Freedman Seatlink add-on per double seat | G116: EA | H116: 350 | I116: =+F116*H116 -> 0
A117: 3.23.11 | B117: Freedman Seatlink add-on per single seat | G117: EA | H117: 258 | I117: =+F117*H117 -> 0
A118: 3.23.12 | B118: Freedman Seatlink Head Unit (Small or Large) (required for seatlink) | G118: EA | H118: 770 | I118: =+F118*H118 -> 0
... A206: 3.23.122 | B206: DH8 DVR, 2TB Drive, 1 Cam, Cable kit, VMS software | G206: EA | H206: 2786 | I206: =+F206*H206 -> 0
A207: 3.23.123 | B207: Dual Band WIFI Antenna and Cables | H207: Included
A208: 3.23.124 | B208: G-Force Sensor Compatible with DVR | H208: Included
A209: 3.23.125 | B209: 360° Exterior camera Includes 7" Monitor | G209: EA | H209: 2280 | I209: =+F209*H209 -> 0
A210: 3.23.126 | B210: Vmax/WiFi Subscription Initial | G210: EA | H210: 329 | I210: =+F210*H210 -> 0
A211: 3.23.127 | B211: All AHD Cameras-Mini box, Wedge, Dome, windshield (1.7mm, 2.4mm, 4mm,6mm,8mm,16mm) | G211: EA | H211: 405 | I211: =+F211*H211 -> 0
A212: 3.23.128 | B212: All IP Cameras--(2.4mm,4mm) | G212: EA | H212: 557 | I212: =+F212*H212 -> 0
A213: 3.23.129 | B213: Individual Exterior Camera | G213: EA | H213: 684 | I213: =+F213*H213 -> 0
A214: 3.23.130 | B214: 1 TB Hard Drive | G214: EA | H214: 355 | I214: =+F214*H214 -> 0
A215: 3.23.131 | B215: 2 TB Hard Drive | G215: EA | H215: 481 | I215: =+F215*H215 -> 0
...

Sheet Ford E350 7.3L Enderra B23
A1: Revised 07.31.2025
A3: EXHIBIT 8
A4: ORDER FORM
A5: CONTRACT #TRIPS-22-CA-MB-LF-FTS
A6: Standard Cutaway and Minibus Chassis Type Transit Vehicles
A7: Florida Transportation Systems
A9: All Pricing has been rounded up or down to the nearest whole dollar
A10: Contact Information | G10: For Grant Funded Vehicles Only
A11: Agency Name: | G11: FFY:
A12: Date: | G12: Project: | H12: Select One
A13: PO Number: | G13: UZA:
A14: Name:
A15: Telephone Number:
A16: Email Address:
A17: Form Effective Date:
A18: Chassis Make | F18: Ford E350 7.3L
A19: Chassis Model Year | F19: 2026
A20: Model | F20: Enderra
A21: Vehicle Style | F21: Cutaway
A22: GVWR | F22: 12500
A23: Length in feet | F23: 23
A24: Useful Life | F24: 5 Years/200,000 Miles
A25: Description | F25: Quantity | G25: UOM | H25: Unit Cost | I25: Extended Cost
A26: Ford E350 7.3L, Enderra, Cutaway 23' | G26: EA | H26: 114777 | I26: =+F26*H26 -> 0
A27: Standard Seats | G27: Per Person | H27: 505 | I27: =+F27*H27 -> 0
A28: Fold-Away Seats | G28: Per Person | H28: 608 | I28: =+F28*H28 -> 0
A29: Children's Seat | G29: Per Person | H29: 638 | I29: =+F29*H29 -> 0
A30: Paint Scheme 1 | G30: EA | H30: 537 | I30: =+F30*H30 -> 0
A31: Paint Scheme 2 | G31: EA | H31: 831 | I31: =+F31*H31 -> 0
A32: Paint Scheme 3 | G32: EA | H32: 1044 | I32: =+F32*H32 -> 0
A33: Item No | B33: Description | F33: Quantity | G33: UOM | H33: Unit Cost | I33: Extended Cost
A34: 3.1.2.7 | B34: Alternative Fuels, Roush 64 GGE LPG Package Ford E Series | G34: Per Vehicle | H34: 38397 | I34: =+F34*H34 -> 0
A35: 3.1.2.9 | B35: Starter Interrupt for CNG and LPG conversion kits | G35: Per Vehicle | H35: 355 | I35: =+F35*H35 -> 0
A36: 3.1.2.10 | B36: Amerex Methane Gas Detection | G36: Per Vehicle | H36: 2280 | I36: =+F36*H36 -> 0
A37: 3.2.1 | B37: MoRYde RSX rear suspension system | G37: Per Vehicle | H37: 790 | I37: =+F37*H37 -> 0
A38: 3.2.2 | B38: Kelderman 2-Stage Rear Air Suspension | G38: Per Vehicle | H38: 6454 | I38: =+F38*H38 -> 0
A39: 3.2.3 | B39: Liquid Spring Suspension System | G39: Per Vehicle | H39: 9017 | I39: =+F39*H39 -> 0
A40: 3.3.1 | B40: Aluminum wheels | G40: Per Vehicle | H40: 2178 | I40: =+F40*H40 -> 0
A41: 3.3.2 | B41: Stainless steel wheel liners / inserts, front and rear wheels | G41: Per Vehicle | H41: 289 | I41: =+F41*H41 -> 0
A42: 3.4.1 | B42: Freedman Featherweight High Back rigid frame seats 3PT Hiqhback, Arm Rest, Grab, Lvl 4 Dimensions | G42: Per Person | H42: 505 | I42: =+F42*H42 -> 0
A43: 3.4.2 | B43: Freedman seat upholstery material provided by CMI Enterprises, or approved equal. Fabric to be CMI DIMENSIONS LATE EVENING, style VP-DIMEN-LEVEN or CMI DIMENSIONS CHARCOAL, style VP-DIMEN-CHAR or approved equal | H43: Standard
A44: 3.4.3 | B44: Freedman Featherweight with Dimensions vinyl line of coated transit bus seating fabric with antimicrobial Nanocide, by CMI Enterprises, or approved equal. Fabric to be CMI DIMENSIONS LATE EVENING, style VP- DIMEN-LEVEN or CMI DIMENSIONS CHARCOAL, style VP-DIMEN-CHAR or aooroved equal | G44: Per Person | H44: 466 | I44: =+F44*H44 -> 0
A45: 3.4.4 | B45: Kiel 3-point Standard Seat | G45: Per Person | H45: 537 | I45: =+F45*H45 -> 0
A46: 3.4.5 | B46: Kiel 3-point Foldaway Seat | G46: Per Person | H46: 750 | I46: =+F46*H46 -> 0
A47: 3.4.6 | B47: Upgrade interior side wall panels with Nanocide | G47: EA | H47: 441 | I47: =+F47*H47 -> 0
A48: 3.4.7 | B48: Extend the length of the standard seat belts provided | G48: EA | H48: 41 | I48: =+F48*H48 -> 0
A49: 3.4.8 | B49: Fully Encapsulated Seat Cushioning with FTA Docket 90- A Compliant Vinyl Upholstery per Seat | G49: Per Person | H49: 25 | I49: =+F49*H49 -> 0
A50: 3.5.2 | B50: Freedman Sport Driver seat with Relaxor | G50: Per Vehicle | H50: 993 | I50: =+F50*H50 -> 0
A51: 3.5.3 | B51: Recaro Ergo LXS driver's seat | G51: Per Vehicle | H51: 1540 | I51: =+F51*H51 -> 0
A52: 3.5.3.1 | B52: Shield FC Drivers Seat | G52: Per Vehicle | H52: 1009 | I52: =+F52*H52 -> 0
A53: 3.6.1 | B53: A Flat-Floor option | G53: Per Vehicle | H53: 988 | I53: =+F53*H53 -> 0
A54: 3.7.1 | B54: Alternate slip resistant sheet vinyl flooring | G54: Per Vehicle | H54: 456 | I54: =+F54*H54 -> 0
A55: 3.7.1.1 | B55: AltroMeta | G55: Per Vehicle | H55: 355 | I55: =+F55*H55 -> 0
... A69: 3.14.3 | B69: AMF Bruns restraint system | G69: Per Vehicle | H69: 674 | I69: =+F69*H69 -> 0
A70: 3.15.1 | B70: Fogmaker complete turn-key automatic fire suppression system | H70: Standard
A71: 3.15.2 | B71: Amerex Small Vehicle System (SMVS) complete turn-key automatic fire suppression powder system | G71: Per Vehicle | H71: 132 | I71: =+F71*H71 -> 0
A72: 3.15.3 | B72: Kidde complete turn-key automatic fire suppression system | G72: Per Vehicle | H72: 2198 | I72: =+F72*H72 -> 0
A73: 3.15.4 | B73: Camera systems priced by camera quantity, i.e., 2 camera system, 3 camera system, etc. | H73: See Below
A74: 3.15.5 | B74: Camera system replacement parts | H74: See Below
A75: 3.15.6 | B75: In-vehicle computer that allows electronic delivery of passenger manifests, automatic data collection, in-vehicle navigation, and enhanced driver/dispatcher communication. TRIPSARK R44-V11OT | G75: Per Vehicle | H75: 5375 | I75: =+F75*H75 -> 0
A76: 3.16.1 | B76: Hand-held and hands-free public address (PA) system | G76: EA | H76: 588 | I76: =+F76*H76 -> 0
A77: 3.16.1.A | B77: Hands-free public address (PA) System | G77: EA | H77: 603 | I77: =+F77*H77 -> 0
A78: 3.16.2 | B78: Hands free cellular/2-way radio communication system | G78: EA | H78: 790 | I78: =+F78*H78 -> 0
A79: 3.16.3 | B79: Upgrade the standard vehicle AM/FM Radio, providing an AM/FM/CD Stereo and MP3 Player with digital clock and front, mid-bus and rear speakers | G79: Per Vehicle | H79: 314 | I79: =+F79*H79 -> 0
A80: 3.17.1.1 | B80: TRANSIGN Roller Curtain Front | G80: EA | H80: 1795 | I80: =+F80*H80 -> 0
A81: 3.17.1.2 | B81: TRANSIGN Roller Curtain Side | G81: EA | H81: 2223 | I81: =+F81*H81 -> 0
A82: 3.17.2.1 | B82: Hanover Front destination Sign | G82: EA | H82: 3627 | I82: =+F82*H82 -> 0
A83: 3.17.2.2 | B83: Hanover Side destination Sign | G83: EA | H83: 1474 | I83: =+F83*H83 -> 0
A84: 3.17.2.3 | B84: Luminator/Twinvision Mobilite Front Destination Sign | G84: EA | H84: 3394 | I84: =+F84*H84 -> 0
A85: 3.17.2.4 | B85: Luminator/Twinvision Mobilite Side Destination Sign | G85: EA | H85: 1773 | I85: =+F85*H85 -> 0
A86: 3.17.2.5 | B86: Twinvison Smart Series Front Destination Sign Amber | G86: EA | H86: 2533 | I86: =+F86*H86 -> 0
... A99: 3.21.9 | B99: ESD Environment Disinfection System - Fixed Ceiling/Wall mount UVGI Fixture for Transit Vehicles and Facilities | G99: EA | H99: 735 | I99: =+F99*H99 -> 0
A100: 40258 | B100: USSC 25ft and smaller Paratransit Van UVPHI-Photo Hydro Ionization | G100: EA | H100: 2482 | I100: =+F100*H100 -> 0
A101: 40989 | B101: Code 3 Antimicrobial Lighting | G101: EA | H101: 1981 | I101: =+F101*H101 -> 0
A102: 3.22.1 | B102: Rotating Hinge Side Barrier (E350, E450, Chevy 3500 and Chevy 4500) | G102: EA | H102: 1702 | I102: =+F102*H102 -> 0
A103: 3.22.7 | B103: Power manufacturing Cutaway Bus Operator Barrier | G103: EA | H103: 1773 | I103: =+F103*H103 -> 0
A104: Other Available Options
A105: 3.23.1 | B105: QRT 10008 - 360 WC-18 Slide & Click | G105: EA | H105: 846 | I105: =+F105*H105 -> 0
A106: 3.23.2 | B106: Additional Q-Straint Belt Storage Pouch | G106: EA | H106: 61 | I106: =+F106*H106 -> 0
A107: 3.23.3 | B107: Additional Q-Straint 14" quick strap/webbing loop (Set of 4) | G107: Set | H107: 61 | I107: =+F107*H107 -> 0
A108: 3.23.4 | B108: Front Mud Flaps | G108: EA | H108: 66 | I108: =+F108*H108 -> 0
A109: 3.23.5 | B109: Exterior Mirrors, Rosco Remote Power - Heated - Turn Signal, Black Arms | G109: EA | H109: 638 | I109: =+F109*H109 -> 0
A110: 3.23.6 | B110: Valve Stem Extender Inner Dual Rear Wheel, pair (screw on type) | G110: EA | H110: 76 | I110: =+F110*H110 -> 0
A111: 3.23.7 | B111: AV Grab Handle Black (PPE Material) | G111: EA | H111: 35 | I111: =+F111*H111 -> 0
A112: 3.23.8 | B112: AV Grab Handle Yellow (PPE Material) | G112: EA | H112: 46 | I112: =+F112*H112 -> 0
A113: 3.23.9 | B113: Flip-up US Armrest, Black (PPE Material) | G113: EA | H113: 35 | I113: =+F113*H113 -> 0
A114: 3.23.10 | B114: Freedman Seatlink add-on per double seat | G114: EA | H114: 350 | I114: =+F114*H114 -> 0
A115: 3.23.11 | B115: Freedman Seatlink add-on per single seat | G115: EA | H115: 258 | I115: =+F115*H115 -> 0
A116: 3.23.12 | B116: Freedman Seatlink Head Unit (Small or Large) (required for seatlink) | G116: EA | H116: 770 | I116: =+F116*H116 -> 0
... A204: 3.23.122 | B204: DH8 DVR, 2TB Drive, 1 Cam, Cable kit, VMS software | G204: EA | H204: 2786 | I204: =+F204*H204 -> 0
A205: 3.23.123 | B205: Dual Band WIFI Antenna and Cables | H205: included
A206: 3.23.124 | B206: G-Force Sensor Compatible with DVR | H206: included
A207: 3.23.125 | B207: 360° Exterior camera Includes 7" Monitor | G207: EA | H207: 2280 | I207: =+F207*H207 -> 0
A208: 3.23.126 | B208: Vmax/WiFi Subscription Initial | G208: EA | H208: 329 | I208: =+F208*H208 -> 0
A209: 3.23.127 | B209: All AHD Cameras-Mini box, Wedge, Dome, windshield (1.7mm, 2.4mm, 4mm,6mm,8mm,16mm) | G209: EA | H209: 405 | I209: =+F209*H209 -> 0
A210: 3.23.128 | B210: All IP Cameras--(2.4mm,4mm) | G210: EA | H210: 557 | I210: =+F210*H210 -> 0
A211: 3.23.129 | B211: Individual Exterior Camera | G211: EA | H211: 684 | I211: =+F211*H211 -> 0
A212: 3.23.130 | B212: 1 TB Hard Drive | G212: EA | H212: 355 | I212: =+F212*H212 -> 0
A213: 3.23.131 | B213: 2 TB Hard Drive | G213: EA | H213: 481 | I213: =+F213*H213 -> 0
A214: 3.23.132 | B214: 8 CH NEXUS DVR, 1TB Drive SSD, 2 Cam, Cable kit, VMS software | G214: EA | H214: 4812 | I214: =+F214*H214 -> 0
...

Sheet Ford E450-Enderra CA
A1: Revised 07.31.2025
A3: EXHIBIT 8
A4: ORDER FORM
A5: CONTRACT #TRIPS-22-CA-MB-LF-FTS
A6: Standard Cutaway and Minibus Chassis Type Transit Vehicles
A7: Florida Transportation Systems
A9: All Pricing has been rounded up or down to the nearest whole dollar
A10: Contact Information | G10: For Grant Funded Vehicles Only
A11: Agency Name: | G11: FFY:
A12: Date: | G12: Project: | H12: Select One
A13: PO Number: | G13: UZA:
A14: Name:
A15: Telephone Number:
A16: Email Address:
A17: Form Effective Date:
A18: Chassis Make | F18: Ford E450
A19: Chassis Model Year | F19: 2026
A20: Model | F20: Enderra
A21: Vehicle Style | F21: Cutaway
A22: GVWR | F22: 14500
A23: Length in feet | F23: 24
A24: Useful Life | F24: 5 Years/200,000 Miles
A25: Description | F25: Quatity | G25: UOM | H25: Unit Cost | I25: Extended Cost
A26: Ford E450, Enderra, Cutaway 23' | G26: EA | H26: 116872 | I26: =+F26*H26 -> 0
A27: Ford E450, Enderra, Cutaway 24' | G27: EA | H27: 116872 | I27: =+F27*H27 -> 0
A28: Ford E450, Enderra, Cutaway 26' | G28: EA | H28: 119202 | I28: =+F28*H28 -> 0
A29: Standard Seats | G29: Per Person | H29: 505 | I29: =+F29*H29 -> 0
A30: Fold-Away Seats | G30: Per Person | H30: 608 | I30: =+F30*H30 -> 0
A31: Children's Seat | G31: Per Person | H31: 638 | I31: =+F31*H31 -> 0
A32: Paint Scheme 1 | G32: EA | H32: 537 | I32: =+F32*H32 -> 0
A33: Paint Scheme 2 | G33: EA | H33: 831 | I33: =+F33*H33 -> 0
A34: Paint Scheme 3 | G34: EA | H34: 1044 | I34: =+F34*H34 -> 0
A35: Item No | B35: Description | F35: Quatity | G35: UOM | H35: Unit Cost | I35: Extended Cost
A36: 3.1.2.3 | B36: 28GGE CNG Kit by Landi Rezo (Dedicated), Altech-Eco (Bi-fuel) Installed by A1 Fuels for Ford E-450 | G36: Per Vehicle | H36: 29558 | I36: =+F36*H36 -> 0
A37: 3.1.2.4 | B37: 40GGE CNG Kit by Landi Rezo (Dedicated), Altech-Eco (Bi-fuel) Installed by A1 Fuels for Ford E-450 | G37: Per Vehicle | H37: 33676 | I37: =+F37*H37 -> 0
A38: 3.1.2.5 | B38: 36GGE LPG Kit by Roush (dedicated) Alliance Autogas (Bi-fuel) Installed bv A1 Fuels for Ford E-450, E-350 | G38: Per Vehicle | H38: 17274 | I38: =+F38*H38 -> 0
A39: 3.1.2.6 | B39: 41GGE LPG Kit by Roush (dedicated) Alliance Autogas (Bi-fuel) Installed by A1 Fuels for Ford E-450, E-350 | G39: Per Vehicle | H39: 29558 | I39: =+F39*H39 -> 0
A40: 3.1.2.7 | B40: Alternative Fuels, Roush 64 GGE LPG Package Ford E Series | G40: Per Vehicle | H40: 33534 | I40: =+F40*H40 -> 0
A41: 3.1.2.9 | B41: Starter Interrupt for CNG and LPG conversion kits | G41: Per Vehicle | H41: 355 | I41: =+F41*H41 -> 0
A42: 3.1.2.10 | B42: Amerex Methane Gas Detection | G42: Per Vehicle | H42: 2280 | I42: =+F42*H42 -> 0
A43: 3.1.2.11 | B43: Endera Drivetrain Electrification - Standard Range (150 kwh) | G43: Per Vehicle | H43: 172376 | I43: =+F43*H43 -> 0
A44: 3.1.2.12 | B44: Endera Drivetrain Electrification - Extended Range (226kwh) *Scheduled Altoona | G44: Per Vehicle | H44: 197483 | I44: =+F44*H44 -> 0
A45: 3.1.2.13 | B45: EV AC: 87K BTU ACC w/ Skirt Cond. (HV compatible) | G45: Per Vehicle | H45: 1745 | I45: =+F45*H45 -> 0
A46: 3.1.2.14 | B46: EV AC: 87K BTU ACC w/ Roof Cond. (HV compatible) | G46: Per Vehicle | H46: 2470 | I46: =+F46*H46 -> 0
A47: 3.1.2.15 | B47: EV AC: TransAir 120K (HV compatible) | G47: Per Vehicle | H47: 3208 | I47: =+F47*H47 -> 0
... A54: 3.4.1 | B54: Freedman Featherweight High Back rigid frame seats 3PT Hiqhback, Arm Rest, Grab, Lvl 4 Dimensions | G54: Per Person | H54: 505 | I54: =+F54*H54 -> 0
A55: 3.4.2 | B55: Freedman seat upholstery material provided by CMI Enterprises, or approved equal. Fabric to be CMI DIMENSIONS LATE EVENING, style VP-DIMEN-LEVEN or CMI DIMENSIONS CHARCOAL, style VP-DIMEN-CHAR or approved equal | H55: Standard
A56: 3.4.3 | B56: Freedman Featherweight with Dimensions vinyl line of coated transit bus seating fabric with antimicrobial Nanocide, by CMI Enterprises, or approved equal. Fabric to be CMI DIMENSIONS LATE EVENING, style VP- DIMEN-LEVEN or CMI DIMENSIONS CHARCOAL, style VP-DIMEN-CHAR or aooroved equal | G56: Per Person | H56: 466 | I56: =+F56*H56 -> 0
A57: 3.4.4 | B57: Kiel 3-point Standard Seat | G57: Per Person | H57: 537 | I57: =+F57*H57 -> 0
A58: 3.4.5 | B58: Kiel 3-point Foldaway Seat | G58: Per Person | H58: 750 | I58: =+F58*H58 -> 0
A59: 3.4.6 | B59: Upgrade interior side wall panels with Nanocide | G59: EA | H59: 441 | I59: =+F59*H59 -> 0
A60: 3.4.7 | B60: Extend the length of the standard seat belts provided | G60: EA | H60: 41 | I60: =+F60*H60 -> 0
A61: 3.4.8 | B61: Fully Encapsulated Seat Cushioning with FTA Docket 90- A Compliant Vinyl Upholstery per Seat | G61: Per Person | H61: 25 | I61: =+F61*H61 -> 0
A62: 3.5.1 | B62: USSC Evolution G2E with pedestal | G62: Per Vehicle | H62: 1540 | I62: =+F62*H62 -> 0
A63: 3.5.2 | B63: Freedman Sport Driver seat with Relaxor | G63: Per Vehicle | H63: 993 | I63: =+F63*H63 -> 0
A64: 3.5.3 | B64: Recaro Ergo LXS driver's seat | G64: Per Vehicle | H64: 1540 | I64: =+F64*H64 -> 0
A65: 3.5.3.1 | B65: Shield FC Drivers Seat | G65: Per Vehicle | H65: 1009 | I65: =+F65*H65 -> 0
A66: 3.6.1 | B66: A Flat-Floor option | G66: Per Vehicle | H66: 988 | I66: =+F66*H66 -> 0
A67: 3.7.1 | B67: Alternate slip resistant sheet vinyl flooring | G67: Per Vehicle | H67: 456 | I67: =+F67*H67 -> 0
... A82: 3.14.3 | B82: AMF Bruns restraint system | G82: Per Vehicle | H82: 674 | I82: =+F82*H82 -> 0
A83: 3.15.1 | B83: Fogmaker complete turn-key automatic fire suppression system | H83: Standard
A84: 3.15.2 | B84: Amerex Small Vehicle System (SMVS) complete turn-key automatic fire suppression powder system | G84: Per Vehicle | H84: 132 | I84: =+F84*H84 -> 0
A85: 3.15.3 | B85: Kidde complete turn-key automatic fire suppression system | G85: Per Vehicle | H85: 2198 | I85: =+F85*H85 -> 0
A86: 3.15.4 | B86: Camera systems priced by camera quantity, i.e., 2 camera system, 3 camera system, etc. | H86: See Below
A87: 3.15.5 | B87: Camera system replacement parts | H87: See Below
A88: 3.15.6 | B88: In-vehicle computer that allows electronic delivery of passenger manifests, automatic data collection, in-vehicle navigation, and enhanced driver/dispatcher communication. TRIPSARK R44-V11OT | G88: Per Vehicle | H88: 5375 | I88: =+F88*H88 -> 0
A89: 3.16.1 | B89: Hand-held and hands-free public address (PA) system | G89: EA | H89: 588 | I89: =+F89*H89 -> 0
A90: 3.16.1.A | B90: Hands-free public address (PA) System | G90: EA | H90: 603 | I90: =+F90*H90 -> 0
A91: 3.16.2 | B91: Hands free cellular/2-way radio communication system. | G91: EA | H91: 790 | I91: =+F91*H91 -> 0
A92: 3.16.3 | B92: Upgrade the standard vehicle AM/FM Radio, providing an AM/FM/CD Stereo and MP3 Player with digital clock and front, mid-bus and rear speakers | G92: EA | H92: 314 | I92: =+F92*H92 -> 0
A93: 3.17.1.1 | B93: TRANSIGN Roller Curtain Front | G93: EA | H93: 1795 | I93: =+F93*H93 -> 0
A94: 3.17.1.2 | B94: TRANSIGN Roller Curtain Side | G94: EA | H94: 2223 | I94: =+F94*H94 -> 0
A95: 3.17.2.1 | B95: Hanover Front destination Sign | G95: EA | H95: 3627 | I95: =+F95*H95 -> 0
A96: 3.17.2.2 | B96: Hanover Side destination Sign | G96: EA | H96: 1474 | I96: =+F96*H96 -> 0
A97: 3.17.2.3 | B97: Luminator/Twinvision Mobilite Front Destination Sign | G97: EA | H97: 3394 | I97: =+F97*H97 -> 0
A98: 3.17.2.4 | B98: Luminator/Twinvision Mobilite Side Destination Sign | G98: EA | H98: 1773 | I98: =+F98*H98 -> 0
A99: 3.17.2.5 | B99: Twinvison Smart Series Front Destination Sign Amber | G99: EA | H99: 2533 | I99: =+F99*H99 -> 0
... A112: 3.21.9 | B112: ESD Environment Disinfection System - Fixed Ceiling/Wall mount UVGI Fixture for Transit Vehicles and Facilities | G112: EA | H112: 735 | I112: =+F112*H112 -> 0
A113: 40258 | B113: USSC 25ft and smaller Paratransit Van UVPHI-Photo Hydro Ionization | G113: EA | H113: 2482 | I113: =+F113*H113 -> 0
A114: 40989 | B114: Code 3 Antimicrobial Lighting | G114: EA | H114: 1981 | I114: =+F114*H114 -> 0
A115: 3.22.1 | B115: Rotating Hinge Side Barrier (E350, E450, Chevy 3500 and Chevy 4500) | G115: EA | H115: 1702 | I115: =+F115*H115 -> 0
A116: 3.22.7 | B116: Power manufacturing Cutaway Bus Operator Barrier | G116: EA | H116: 1773 | I116: =+F116*H116 -> 0
A117: Other Available Options
A118: 3.23.1 | B118: QRT 10008 - 360 WC-18 Slide & Click | G118: EA | H118: 846 | I118: =+F118*H118 -> 0
A119: 3.23.2 | B119: Additional Q-Straint Belt Storage Pouch | G119: EA | H119: 61 | I119: =+F119*H119 -> 0
A120: 3.23.3 | B120: Additional Q-Straint 14" quick strap/webbing loop (set of 4) | G120: Set | H120: 61 | I120: =+F120*H120 -> 0
A121: 3.23.4 | B121: Front Mud Flaps | G121: EA | H121: 66 | I121: =+F121*H121 -> 0
A122: 3.23.5 | B122: Exterior Mirrors, Rosco Remote Power - Heated - Turn Signal, Black Arms | G122: EA | H122: 638 | I122: =+F122*H122 -> 0
A123: 3.23.6 | B123: Valve Stem Extender Inner Dual Rear Wheel, pair (screw on type) | G123: EA | H123: 76 | I123: =+F123*H123 -> 0
A124: 3.23.7 | B124: AV Grab Handle Black (PPE Material) | G124: EA | H124: 35 | I124: =+F124*H124 -> 0
A125: 3.23.8 | B125: AV Grab Handle Yellow (PPE Material) | G125: EA | H125: 46 | I125: =+F125*H125 -> 0
A126: 3.23.9 | B126: Flip-up US Armrest, Black (PPE Material) | G126: EA | H126: 35 | I126: =+F126*H126 -> 0
A127: 3.23.10 | B127: Freedman Seatlink add-on per double seat | G127: EA | H127: 350 | I127: =+F127*H127 -> 0
A128: 3.23.11 | B128: Freedman Seatlink add-on per single seat | G128: EA | H128: 258 | I128: =+F128*H128 -> 0
A129: 3.23.12 | B129: Freedman Seatlink Head Unit (Small or Large) (required for seatlink) | G129: EA | H129: 770 | I129: =+F129*H129 -> 0
... A226: 3.23.122 | B226: DH8 DVR, 2TB Drive, 1 Cam, Cable kit, VMS software | G226: EA | H226: 2786 | I226: =+F226*H226 -> 0
A227: 3.23.123 | B227: Dual Band WIFI Antenna and Cables | H227: Included
A228: 3.23.124 | B228: G-Force Sensor Compatible with DVR | H228: Included
A229: 3.23.125 | B229: 360° Exterior camera Includes 7" Monitor | G229: EA | H229: 2280 | I229: =+F229*H229 -> 0
A230: 3.23.126 | B230: Vmax/WiFi Subscription Initial | G230: EA | H230: 329 | I230: =+F230*H230 -> 0
...

Sheet Vehicle Deductions
A1: Revised 07.31.2025
A3: EXHIBIT 8
A4: ORDER FORM DEDUCTIONS
A5: CONTRACT #TRIPS-22-CA-MB-LF-FTS
A6: Standard Cutaway and Minibus Chassis Type Transit Vehicles
A7: Florida Transportation Systems
A9: All Pricing has been rounded up or down to the nearest whole dollar
A10: This form may only be used to remove line items from the order packet of the executed contract. There will be no allowance for the addition of options through this form. Any addition of options must be done through a properly executed contract amendment. Please use the line item number and description for each line to be credited to the final order packet. For all vehicle purchases funded in part by the FTA Section 5310, 5311, or 5339 grant program, a copy of the completed order form, this deduction form and the Purchaser purchase order must be emailed or mailed to the TRIPS Assistant Program Manager.
A12: Contact Information | G12: For Grant Funded Vehicles Only
A13: Agency Name: | G13: FFY:
A14: Date: | G14: Project: | H14: Select One
A15: PO Number: | G15: UZA:
A16: Name:
A17: Telephone Number:
A18: Email Address:
A19: Form Effective Date:
A20: Item No. | B20: Description | F20: Quantity | G20: UOM | H20: Unit Cost | I20: Extended Cost
I21: =ABS(+F21*H21)*-1 -> 0
I22: =ABS(+F22*H22)*-1 -> 0
I23: =ABS(+F23*H23)*-1 -> 0
I24: =ABS(+F24*H24)*-1 -> 0
I25: =ABS(+F25*H25)*-1 -> 0
I26: =ABS(+F26*H26)*-1 -> 0
I27: =ABS(+F27*H27)*-1 -> 0
I28: =ABS(+F28*H28)*-1 -> 0
I29: =ABS(+F29*H29)*-1 -> 0
I30: =ABS(+F30*H30)*-1 -> 0
I31: =ABS(+F31*H31)*-1 -> 0
I32: =ABS(+F32*H32)*-1 -> 0
... I43: =ABS(+F43*H43)*-1 -> 0
A44: GRAND TOTAL | I44: =SUM(I21:I43) -> 0

Sheet Menu Items
A1: Project | B1: Service Type
A2: Select One
A3: 5310 | B3: X
A4: 5311
A5: 5339
A6: Other
